 Dungeon Crawl Stone Soup version 0.31-a0-691-g409c26aa35 (webtiles) character file.

Game seed: 14416792201892031260

460046 qw the Slayer (level 24, -22/180 HPs)
             Began as a Gargoyle Hunter on Sept 6, 2023.
             Was a High Priest of Okawaru.
             Killed from afar by a yellow draconian annihilator (43 damage)
             ... with a crystal spear
             ... led by a purple draconian shifter
             ... on level 1 of the Realm of Zot.
             The game lasted 00:33:42 (49233 turns).

qw the Slayer (Gargoyle Hunter)                    Turns: 49233, Time: 00:33:42

Health: -22/180    AC: 36    Str: 17    XL:     24   Next: 14%
Magic:  0/27       EV: 45    Int: 13    God:    Okawaru [*****.]
Gold:   206        SH:  0    Dex: 34    Spells: 23/23 levels left

rFire   + + .        w - +5 triple crossbow (heavy)
rCold   + + .        (shield currently unavailable)
rNeg    + . .        z - +3 robe "Zamuwnac" {Will+ Regen+ Str+3}
rPois   inf          e - +2 helmet
rElec   +            r - scarf {rC+ rF+}
rCorr   +            h - +2 pair of gloves
SInv    .            q - +2 pair of boots {Fly}
Will    +++..        a - amulet of faith
Stlth   +++++        o - ring of Winter {Wiz Dex+7 Stlth+}
HPRegen 0.00/turn    g - +6 ring of dexterity
MPRegen 0.20/turn

%: faith, wizardry (x1)
@: about to teleport, resistant, heroic, finesse-ful, flying, inhibited regen,
slowed, very slow
A: sickness immunity, AC +18, big wings, negative energy resistance 1,
electricity resistance, torment resistance 1, petrification resistance, hooves
1, low MP 1, strong-willed 1, inhibited regeneration, weak 1, inability to read
after injury 2, devolution 1
}: 3/15 runes: decaying, serpentine, silver
a: Renounce Religion, Heroism, Finesse, Duel


You were on level 1 of the Realm of Zot.
You worshipped Okawaru.
Okawaru was extremely pleased with you.
You visited 9 branches of the dungeon, and saw 41 of its levels.
You also visited: Sewer.

You collected 5992 gold pieces.
You spent 5786 gold pieces at shops.


Innate Abilities, Weirdness & Mutations

You are immune to sickness and miasma.
Your stone body is resilient. (AC +18)
You are immune to poison.
Your large and strong wings let you fly.
You resist negative energy. (rN+)
You are resistant to electric shocks. (rElec)
You are resistant to unholy torment.
You are immune to petrification.
You have large cloven feet.
Your magical capacity is low. (-10% MP)
You are strong-willed. (Will+)
You do not regenerate when monsters are visible.
You are weak. (Str -2)
You sometimes lose the ability to read scrolls when taking damage.
You have hidden genetic defects.


   Skills:
 - Level 26.6(27) Fighting
 - Level 22.0(27) Ranged Weapons
 - Level 11.0(16.0) Armour
 + Level 20.2(25.2) Dodging
 - Level 1.1(6.1) Stealth
 - Level 10.5 Invocations


You had 23 spell levels left.
You didn't know any spells.
Your spell library was empty.

Inventory:

Hand Weapons
 w - a +5 heavy triple crossbow (weapon)
Armour
 e - a +2 helmet (worn)
 h - a +2 pair of gloves (worn)
 p - a +0 cloak
 q - a +2 pair of boots of flying (worn)
 r - a scarf of resistance (worn)
 y - a +3 leather armour of fire resistance
 z - the +3 robe "Zamuwnac" (worn) {Will+ Regen+ Str+3}
   (You found it on level 2 of the Vaults)

   Str+3:     It affects your strength (+3).
   Will+:     It increases your willpower.
   Regen+:    It increases your rate of health regeneration.
 B - the +3 Mad Mage's Maulers {Infuse+∞ VampMP -Cast}
   (You acquired it on level 11 of the Dungeon)

   Infuse+∞: It empowers its wearer's blows with all of their magic.
   VampMP:    Blows struck in melee replenish the wearer's magic.
   -Cast:     It prevents spellcasting.
Jewellery
 a - an amulet of faith (around neck)
 b - the ring "Qoghi" {rElec rF+++ rC- Str+6 Dex-4}
   (You acquired it on level 3 of the Dungeon)

   [ring of strength]

   Str+6:     It affects your strength (+6).
   Dex-4:     It affects your dexterity (-4).
   rF+++:     It renders you almost immune to fire.
   rC-:       It makes you vulnerable to cold.
   rElec:     It insulates you from electricity.
 g - a +6 ring of dexterity (right hand)
 k - an amulet of regeneration
 o - the ring of Winter (left hand) {Wiz Dex+7 Stlth+}
   (You found it on level 1 of the Vaults)

   [ring of wizardry]

   Wiz:       It improves your spell success rate.
   Dex+7:     It affects your dexterity (+7).
   Stlth+:    It makes you more stealthy.
 u - the amulet of the Scavenger {Spirit Str+3 SInv}
   (You acquired it on level 2 of the Orcish Mines)

   [amulet of guardian spirit]

   Spirit:    It causes incoming damage to be divided between your reserves of
   health and magic.
   Str+3:     It affects your strength (+3).
   SInv:      It lets you see invisible.
Wands
 s - a wand of digging (2)
Scrolls
 c - 33 scrolls of identify
 f - 5 scrolls of enchant armour
 i - 17 scrolls of teleportation
 j - 2 scrolls of brand weapon
Potions
 d - 22 potions of curing
 l - 5 potions of might
 m - 11 potions of mutation
 n - 6 potions of haste
 t - 5 potions of magic
 v - 4 potions of enlightenment
 A - 5 potions of cancellation

Dungeon Overview and Level Annotations

Branches:
Dungeon (15/15)            Temple (1/1) D:5            Lair (5/5) D:8
  Swamp (4/4) Lair:2        Snake (4/4) Lair:2        Slime (0/5) Lair:4
    Orc (2/2) D:10            Elf (0/3) Orc:2        Vaults (5/5) D:13
  Crypt (0/3) Vaults:2     Depths (4/4) D:15            Zot (1/5) Depths:4
  Sewer (visited)

Altars:
Ashenzari
Cheibriados
Dithmenos
Elyvilon
Fedhas
Gozag
Hepliaklqana
Kikubaaqudgha
Makhleb
Nemelex Xobeh
Okawaru
Qazlal
Ru
Sif Muna
Trog
Uskayaw
Vehumet
Wu Jian
Xom
Yredelemnul
Zin
The Shining One
Jiyva
Lugonu

Shops:
D:11 =*!*   D:15 [=   Orc:2 ***=   Snake:1 [   Vaults:1 (   Depths:1 *=(*
Depths:4 :=:

Portals:
Hell: Depths:1 Depths:2 Depths:3 Depths:4
Abyss: Depths:1 Depths:3
Pandemonium: Depths:1 Depths:2 Depths:3
Ziggurat: Depths:4

Annotations:
D:3 1 runed translucent door, Crazy Yiuf
D:4 3 runed translucent doors, qw's ghost, amateur GrHu
D:6 1 runed translucent door, qw's ghost, novice MiHs
D:10 exclusion: obsidian statue
D:11 2 transporters
Lair:4 1 runed translucent door, 2 transporters, qw's ghost, journeyman GrFi
Snake:3 2 transporters, Razfen's ghost, adept GnWn
Vaults:3 2 runed translucent doors, qw's ghost, adept GrHu
Vaults:4 2 transporters, qw's ghost, veteran GrFi


Message History

The death cob closely misses you. The death cob completely misses you.
Something hits you but does no damage.
The orb of fire glows deep purple.
The bolt of fire hits you! You resist. The death cob barely misses you.
The green draconian completely misses you.
The green draconian barely misses you.
The yellow draconian closely misses you.
The purple draconian shifter breathes dispelling energy at you.
The bolt of dispelling energy hits something!!
Reactivating autopickup.
The black draconian knight's magical effects unravel!
The bolt of dispelling energy misses you.
The shadow dragon breathes negative energy at you.
The bolt of negative energy hits the death cob.
The death cob completely resists.
The bolt of negative energy misses you.
You feel you are being watched by something.
You feel your power leaking away.
The black draconian knight closely misses you.
The death cob completely misses you.
You feel you are being watched by something.
The yellow draconian annihilator gestures wildly while chanting.
The yellow draconian annihilator blinks!
The green draconian completely misses you.
The green draconian tail-slaps you but does no damage.
49233 |||
Found retreat position at 2,-6 (floor) with 2 blocking monsters and 4 monsters attacking at destination at distance 6 You shoot a bolt.
The bolt hits the orb of fire!!!!
You destroy the orb of fire!
Okawaru is honoured by your kill.
You can now enter into single combat with a foe.
Okawaru will now gift you equipment as you gain piety.
The death cob completely misses you.
The death cob hits you but does no damage.
The black draconian knight closely misses you.
The death cob completely misses you.
The yellow draconian completely misses you.
The green draconian completely misses you.
The green draconian tail-slaps you but does no damage.
The yellow draconian annihilator points at you and mumbles some strange words.
The crystal spear hits you!!!
You die...

.D.. .... ###¤''## ....
#......## ##. .
#.......##.q)
##........##d#
##D..q......#d# ##
#.qd..).....#.# #.
#q.D.|).....#d###.
#@zd..[....D#.)q).
#dq.........#.###.
##d........##.# #. #.#
##.......##..# #. #.#
### ##.....##.q.# #.
#.# #.# #######....# #.
#.# #.# #.........# #.
#.# #.# #.........# #.
#.#
#.###########.........#
#.


You could see a shadow dragon (catching breath), a black draconian knight, a
golden dragon, 2 draconians, 2 draconians, a purple draconian shifter, a death
cob and 2 draconians.

Vanquished Creatures
  2 orbs of fire (Zot:1)
  Mennas (Vaults:5)
  Mara (Swamp:3)
  Xtahua (Vaults:2)
  Saint Roka (Orc:2)
  5 caustic shrikes (Depths:4)
  2 bone dragons (Depths:4)
  4 golden dragons
  4 tentacled monstrosities
  Rupert (D:13)
  Mlioglotl (Swamp:3)
  A quicksilver dragon (Vaults:5)
  2 liches (Vaults:5)
  2 sphinxes (Vaults:5)
  2 titans (Vaults:5)
  A death cob (Zot:1)
  Frances (D:12)
  Gastronok (Lair:1)
  Kirke (D:14)
  6 shadow dragons
  2 thorn hunters (Swamp:4)
  Roxanne (D:15)
  A draconian monk (Depths:4)
  Donald (Snake:1)
  Aizul (Snake:2)
  4 nagarajas (Snake:4)
  2 storm dragons
  A fenstrider witch (Swamp:2)
  11 fire giants
  4 tengu reavers
  6 frost giants
  2 deep elf sorcerers (Vaults:5)
  9 vault wardens
  Louise (Swamp:1)
  A balrug (Depths:4)
  A draconian shifter (Zot:1)
  A spriggan defender (Depths:2)
  A war gargoyle (Vaults:3)
  6 stone giants
  2 formless jellyfish
  2 orc warlords
  A draconian annihilator (Depths:4)
  30 ironbound preservers
  A green draconian (Depths:4)
  10 ironbound thunderhulks
  28 very ugly things
  2 vampire knights (Depths:2)
  Azrael (Snake:1)
  A deep elf demonologist (Vaults:5)
  2 black draconians
  4 purple draconians (Zot:1)
  5 eleionomae
  2 white draconians (Depths:4)
  A bunyip (shapeshifter) (Vaults:4)
  4 bunyips
  8 spark wasps
  15 dire elephants
  3 red draconians
  2 yellow draconians
  2 shambling mangroves
  5 crystal guardians
  22 yaktaur captains
  11 ettins
  A blizzard demon (Depths:2)
  2 deep elf high priests
  2 entropy weavers
  Harold (Orc:1)
  14 fire dragons
  3 salamander tyrants
  7 great orbs of eyes
  7 ice dragons
  28 vault guards
  Erolcha (D:10)
  An ogre mage (Vaults:5)
  5 peacekeepers
  A juggernaut simulacrum (Depths:1)
  A catoblepas (Lair:5)
  26 hydras
  Erica (D:11)
  5 ghost crabs
  3 rakshasas
  11 ironbound frosthearts
  An anaconda (shapeshifter) (Vaults:5)
  3 spriggan air magi (Depths:2)
  12 centaur warriors
  9 alligators
  10 anacondas
  7 boulder beetles
  6 orc high priests (Orc:2)
  7 two-headed ogres
  8 deep troll shamans
  11 death yaks
  7 naga sharpshooters
  9 naga warriors
  2 vampire magi
  4 deep troll earth magi
  4 spriggan berserkers
  5 tengu warriors
  Nergalle (D:11)
  A soul eater (Depths:1)
  2 shock serpents (Snake:1)
  A shock serpent (shapeshifter) (Vaults:1)
  Sonja (D:10)
  A deep elf knight (Swamp:3)
  2 iron trolls (Depths:2)
  A fire crab (shapeshifter) (D:14)
  2 skysharks
  A death drake (shapeshifter) (Vaults:5)
  3 flayed ghosts
  7 glowing orange brains
  9 salamander mystics
  A shadow wraith (Vaults:5)
  Lodul (D:14)
  4 goliath frogs
  3 skeletal warriors (D:13)
  6 swamp dragons
  90 deep trolls
  5 bog bodies
  3 spriggan druids
  3 naga ritualists
  4 wizards
  A deep elf archer (Swamp:3)
  4 necromancers
  13 lindwurms
  9 harpies
  12 ironbound convokers
  A phantasmal warrior (Vaults:5)
  A stone giant zombie (Depths:1)
  7 orc sorcerers
  A deep elf pyromancer (D:13)
  9 mana vipers
  13 orc knights
  A wolf spider (D:15)
  2 manticores
  8 cyclopes
  34 ugly things
  5 will-o-the-wisps
  A tengu skeleton (Depths:2)
  Joseph (D:8)
  25 salamanders
  29 black mambas
  4 guardian serpents
  2 human skeletons (Vaults:5)
  4 elephants
  2 smoke demons (Depths:4)
  9 naga magi
  Maurice (D:12)
  19 vault sentinels
  An orange demon (Depths:2)
  A storm dragon simulacrum (Depths:2)
  15 cane toads
  3 unseen horrors (D:12)
  30 yaktaurs
  4 torpor snails
  5 rime drakes
  9 komodo dragons
  A red devil (Depths:2)
  3 efreet
  2 tengu conjurers (D:14)
  A bloated husk (Swamp:1)
  3 meliai (D:13)
  3 polar bears
  7 trolls
  A merfolk (D:9)
  Grinder (D:6)
  7 tyrant leeches
  8 hornets
  17 blink frogs
  7 dream sheep
  31 slime creatures
  2 spriggan zombies (Depths:1)
  A shadow (D:10)
  4 water elementals (D:9)
  4 wraiths
  25 yaks
  8 spriggans
  5 vampires
  A human (D:14)
  9 wyverns
  4 fire elementals
  3 hogs (D:14)
  4 basilisks
  A neqoxec (Depths:2)
  29 vampire mosquitoes
  A chaos spawn (Depths:2)
  3 redbacks (Vaults:4)
  A steam dragon (D:9)
  8 wargs
  19 swamp worms
  2 acid dragons
  28 nagas
  18 water moccasins
  5 hell hounds
  A floating eye (Depths:2)
  7 swamp drakes
  2 sky beasts
  50 orc warriors
  7 black bears
  5 boggarts (Vaults:4)
  24 ogres
  A human zombie (Vaults:5)
  6 centaurs
  12 wolves
  A phantom (D:4)
  Blork the orc (D:6)
  A kobold brigand (D:10)
  23 bullfrogs
  A gnoll sergeant (D:6)
  3 scorpions
  8 wights
  6 killer bees
  A howler monkey (D:9)
  5 electric eels
  4 lava snakes (Snake:4)
  A hound (D:5)
  36 orc priests
  2 gnoll boudas
  A sleepcap (D:5)
  Ijyb (D:3)
  7 iguanas
  21 orc wizards
  22 gnolls
  14 adders
  5 river rats
  A white imp (D:5)
  3 worms
  2 dart slugs (D:2)
  103 orcs
  7 endoplasms
  5 giant cockroaches
  8 goblins
  4 hobgoblins
  6 jackals
  9 kobolds
  22 ball pythons
  4 bats
  5 frilled lizards
  31 rats
1689 creatures vanquished.

Vanquished Creatures (others)
  A bunyip (Swamp:1)
  A hydra (Swamp:1)
  A wizard (Vaults:4)
  A spriggan (Swamp:1)
  An orc priest (Orc:2)
  An orc (Orc:1)
  20 foxfires
26 creatures vanquished.

Grand Total: 1715 creatures vanquished

Notes
Turn   | Place    | Note
-------+----------+-------------------------------------------
     0 | D:1      | qw the Gargoyle Hunter began the quest for the Orb.
     0 | D:1      | Reached XP level 1. HP: 12/12 MP: 1/1
     0 | D:1      | 0 ||| qw: Version: 0.3-a-76-g4403597
     0 | D:1      | 0 ||| qw: Game counter: 248
     0 | D:1      | 0 ||| qw: Melee chars always use a shield: true
     0 | D:1      | 0 ||| qw: God list: Okawaru
     0 | D:1      | 0 ||| qw: Allow faded altars: false
     0 | D:1      | 0 ||| qw: Do Orc after clearing Dungeon:15 true
     0 | D:1      | 0 ||| qw: Do second Lair branch before Depths: true
     0 | D:1      | 0 ||| qw: Lair rune preference: random
     0 | D:1      | 0 ||| qw: Goals: Normal
     0 | D:1      | 0 ||| PLANNING D:1-11
   220 | D:1      | Reached XP level 2. HP: 16/17 MP: 2/2
   480 | D:1      | 480 ||| UPGRADING to +0 pair of gloves.
   485 | D:1      | 485 ||| READING scroll labelled ILOAPH POHYUSM.
   486 | D:1      | 486 ||| READING scroll labelled XOHIDGHINUAS.
   487 | D:1      | 487 ||| READING scroll labelled DENLEA MEFAHA.
   488 | D:1      | 488 ||| DRINKING 2 green potions.
   489 | D:1      | 489 ||| DROPPING scroll of butterflies.
   490 | D:1      | 490 ||| DROPPING potion of degeneration.
   710 | D:2      | Reached XP level 3. HP: 21/21 MP: 3/3
  1126 | D:2      | Reached skill level 3 in Fighting
  1126 | D:2      | Reached XP level 4. HP: 28/28 MP: 4/4
  1187 | D:2      | 1187 ||| UPGRADING to amulet of faith.
  1192 | D:2      | 1192 ||| DRINKING 2 fuming coppery potions.
  1205 | D:3      | 1205 ||| PLANNING SEWER
  1262 | D:3      | 1262 ||| RETREATING.
  1264 | D:3      | 1264 ||| Stepping ~*~*~tactically~*~*~ (retreating).
  1288 | D:3      | Reached skill level 6 in Ranged Weapons
  1288 | D:3      | Reached XP level 5. HP: 20/32 MP: 5/5
  1603 | D:3      | Reached skill level 1 in Armour
  1618 | D:3      | Found a glowing drain.
  1619 | D:3      | 1619 ||| UPGRADING to +2 helmet.
  1624 | D:3      | 1624 ||| UPGRADING to +0 ring mail.
  1634 | D:3      | 1634 ||| DROPPING +0 leather armour.
  1635 | D:3      | 1635 ||| READING scroll labelled PEITAA BOTYM.
  1635 | D:3      | Identified a scroll of acquirement
  1635 | D:3      | 1635 ||| ACQUIRING ring "Qoghi" {rElec rF+++ rC- Str+6
                  | Dex-4}
  1635 | D:3      | Acquired the ring "Qoghi" {rElec rF+++ rC- Str+6 Dex-4}
  1636 | D:3      | 1636 ||| READING scroll labelled ELEHAI ZEGEQOOCWE.
  1637 | D:3      | 1637 ||| READING scroll labelled TIECOXZUTHRO.
  1638 | D:3      | 1638 ||| READING 3 scrolls labelled QEAGGA HUPLYOTT.
  1642 | D:3      | 1642 ||| READING scroll labelled WILUZU HAEFF.
  1643 | D:3      | 1643 ||| DRINKING 2 purple potions.
  1644 | D:3      | 1644 ||| DROPPING potion of brilliance.
  1687 | Sewer    | Entered a sewer
  1702 | Sewer    | 1702 ||| Stepping ~*~*~tactically~*~*~ (water).
  1718 | Sewer    | 1718 ||| Stepping ~*~*~tactically~*~*~ (water).
  1765 | Sewer    | 1765 ||| Stepping ~*~*~tactically~*~*~ (water).
  1837 | Sewer    | 1837 ||| Stepping ~*~*~tactically~*~*~ (water).
  1842 | Sewer    | Reached skill level 4 in Fighting
  1870 | Sewer    | Reached XP level 6. HP: 38/38 MP: 6/6
  1947 | Sewer    | 1947 ||| Stepping ~*~*~tactically~*~*~ (water).
  1951 | Sewer    | 1951 ||| Stepping ~*~*~tactically~*~*~ (retreating).
  2050 | Sewer    | 2050 ||| READING scroll labelled ZARYCW CEKYKOU.
  2051 | Sewer    | 2051 ||| READING scroll labelled JICHUSIUG.
  2052 | Sewer    | 2052 ||| DRINKING 2 fizzy red potions.
  2053 | Sewer    | 2053 ||| DRINKING 2 amethyst potions.
  2053 | Sewer    | Gained mutation: You have large cloven feet. [potion of
                  | mutation]
  2053 | Sewer    | Gained mutation: You are strong-willed. (Will+) [potion of
                  | mutation]
  2054 | Sewer    | 2054 ||| DROPPING potion of magic.
  2058 | D:3      | 2058 ||| PLANNING D:1-11
  2108 | D:3      | Noticed Ijyb
  2121 | D:3      | Killed Ijyb
  2185 | D:3      | Found a runed translucent door.
  2186 | D:3      | Noticed Crazy Yiuf
  2369 | D:4      | 2369 ||| STAIRDANCE
  2444 | D:4      | 2444 ||| STAIRDANCE
  2449 | D:3      | Reached XP level 7. HP: 36/43 MP: 7/7
  2546 | D:4      | 2546 ||| STAIRDANCE
  2751 | D:4      | Found a runed translucent gate.
  2751 | D:4      | Found a runed translucent gate.
  2752 | D:4      | Found a runed translucent gate.
  2753 | D:4      | Identified the +3 ring mail of Zerphuu {Str+3}
  2755 | D:4      | Noticed qw's ghost (amateur GrHu)
  2844 | D:4      | Identified the +0 trident of Extermination {flame, rCorr
                  | SInv}
  3196 | D:4      | 3196 ||| UPGRADING to +4 ring of slaying {mikee}.
  3197 | D:4      | 3197 ||| READING scroll labelled ELASUU AMMARI.
  3227 | D:4      | 3227 ||| READING scroll labelled SOESINT RYHIEL.
  3228 | D:4      | 3228 ||| DRINKING 2 metallic green potions.
  3274 | D:4      | 3274 ||| READING 2 scrolls of identify.
  3274 | D:4      | 3274 ||| IDENTIFYING inky potion
  3275 | D:4      | 3275 ||| DROPPING potion of lignification.
  3313 | D:5      | Entered Level 5 of the Dungeon
  3503 | D:5      | Reached skill level 5 in Fighting
  3567 | D:5      | Found a staircase to the Ecumenical Temple.
  3568 | D:5      | 3568 ||| PLANNING TEMPLE
  3568 | D:5      | 3568 ||| READING scroll labelled ZUCHAOR QUSUSM.
  3577 | Temple   | Entered the Ecumenical Temple
  3578 | Temple   | 3578 ||| STAIRDANCE
  3599 | D:5      | Reached XP level 8. HP: 46/49 MP: 8/8
  3609 | Temple   | 3609 ||| PLANNING D:1-11
  3771 | D:5      | 3771 ||| Stepping ~*~*~tactically~*~*~ (outnumbered).
  3774 | D:5      | 3774 ||| Stepping ~*~*~tactically~*~*~ (outnumbered).
  3889 | D:5      | Noticed a hornet
  3893 | D:5      | 3893 ||| UPGRADING to +4 ring of protection.
  3894 | D:5      | 3894 ||| DRINKING 3 emerald potions.
  3895 | D:5      | 3895 ||| DROPPING 2 potions of attraction.
  3908 | D:5      | Reached skill level 9 in Ranged Weapons
  3916 | D:5      | Killed a hornet
  3917 | D:5      | Reached skill level 6 in Fighting
  4091 | D:5      | 4091 ||| READING scroll labelled LAOVER PYKU.
  4108 | D:6      | Noticed Blork the orc
  4120 | D:6      | Killed Blork the orc
  4381 | D:6      | Reached skill level 3 in Armour
  4381 | D:6      | Reached XP level 9. HP: 51/55 MP: 9/9
  4426 | D:6      | Noticed Grinder
  4434 | D:6      | Killed Grinder
  4435 | D:6      | Reached skill level 7 in Fighting
  4738 | D:6      | 4738 ||| RETREATING.
  4743 | D:6      | 4743 ||| Stepping ~*~*~tactically~*~*~ (retreating).
  4745 | D:6      | 4745 ||| Stepping ~*~*~tactically~*~*~ (retreating).
  5050 | D:6      | Found a runed translucent door.
  5057 | D:6      | Noticed qw's ghost (novice MiHs)
  5057 | D:6      | Found the +6 shillelagh "Devastator" {shatter}
  5059 | D:6      | 5059 ||| UPGRADING to +2 robe.
  5069 | D:6      | 5069 ||| DROPPING +2 hat.
  5070 | D:6      | 5070 ||| DROPPING +0 ring mail.
  5071 | D:6      | 5071 ||| UPGRADING to +2 pair of boots.
  5225 | D:7      | Reached skill level 3 in Dodging
  5588 | D:7      | 5588 ||| Stepping ~*~*~tactically~*~*~ (outnumbered).
  5590 | D:7      | 5590 ||| RETREATING.
  5592 | D:7      | 5592 ||| RETREATING.
  5596 | D:7      | 5596 ||| Stepping ~*~*~tactically~*~*~ (outnumbered).
  5602 | D:7      | 5602 ||| Stepping ~*~*~tactically~*~*~ (outnumbered).
  5603 | D:7      | 5603 ||| Stepping ~*~*~tactically~*~*~ (retreating).
  5604 | D:7      | 5604 ||| Stepping ~*~*~tactically~*~*~ (retreating).
  5605 | D:7      | 5605 ||| Stepping ~*~*~tactically~*~*~ (retreating).
  5606 | D:7      | 5606 ||| Stepping ~*~*~tactically~*~*~ (retreating).
  5607 | D:7      | 5607 ||| Stepping ~*~*~tactically~*~*~ (retreating).
  5685 | D:7      | 5685 ||| Stepping ~*~*~tactically~*~*~ (outnumbered).
  5687 | D:7      | 5687 ||| Stepping ~*~*~tactically~*~*~ (outnumbered).
  5689 | D:7      | 5689 ||| Stepping ~*~*~tactically~*~*~ (outnumbered).
  5690 | D:7      | 5690 ||| Stepping ~*~*~tactically~*~*~ (outnumbered).
  5697 | D:7      | 5697 ||| FLEEEEING.
  5698 | D:7      | 5698 ||| FLEEEEING.
  5699 | D:7      | 5699 ||| FLEEEEING.
  5704 | D:7      | 5704 ||| FLEEEEING.
  5705 | D:7      | 5705 ||| FLEEEEING.
  5706 | D:7      | 5706 ||| FLEEEEING.
  5707 | D:7      | 5707 ||| FLEEEEING.
  5708 | D:7      | 5708 ||| FLEEEEING.
  5709 | D:7      | 5709 ||| FLEEEEING.
  5710 | D:7      | 5710 ||| FLEEEEING.
  5711 | D:7      | 5711 ||| FLEEEEING.
  5712 | D:7      | 5712 ||| FLEEEEING.
  5713 | D:7      | 5713 ||| FLEEEEING.
  5828 | D:7      | Found a shimmering blue altar of Sif Muna.
  5828 | D:7      | Found a broken altar of Ashenzari.
  5850 | D:7      | Found an ornate altar of the Wu Jian Council.
  5996 | D:7      | 5996 ||| DROPPING +2 hat.
  5997 | D:7      | 5997 ||| UPGRADING to scarf of resistance.
  6002 | D:7      | 6002 ||| DROPPING amulet of magic regeneration.
  6003 | D:7      | 6003 ||| DROPPING ring of resist corrosion.
  6004 | D:7      | 6004 ||| DROPPING ring of wizardry.
  6021 | D:8      | Noticed a boulder beetle
  6024 | D:8      | Noticed an elephant
  6025 | D:8      | 6025 ||| RETREATING.
  6029 | D:8      | 6029 ||| Stepping ~*~*~tactically~*~*~ (retreating).
  6034 | D:8      | Reached skill level 8 in Fighting
  6048 | D:8      | Killed a boulder beetle
  6049 | D:8      | Reached skill level 12 in Ranged Weapons
  6049 | D:8      | Reached XP level 10. HP: 60/64 MP: 10/10
  6062 | D:8      | Found a staircase to the Lair.
  6139 | D:8      | Found a snail-covered altar of Cheibriados.
  6139 | D:8      | Found an iron altar of Okawaru.
  6140 | D:8      | 6140 ||| PLANNING OKAWARU WORSHIP
  6140 | D:8      | Found an opulent altar of Gozag.
  6146 | D:8      | Became a worshipper of Warmaster Okawaru
  6147 | D:8      | 6147 ||| PLANNING D:1-11
  6245 | D:8      | Noticed a two-headed ogre
  6246 | D:8      | 6246 ||| RETREATING.
  6272 | D:8      | 6272 ||| RETREATING.
  6298 | D:8      | 6298 ||| RETREATING.
  6311 | D:8      | Killed a two-headed ogre
  6311 | D:8      | Reached * piety under Okawaru
  6314 | D:8      | Reached skill level 1 in Invocations
  6507 | D:8      | Killed an elephant
  6507 | D:8      | Reached ** piety under Okawaru
  6508 | D:8      | Reached skill level 3 in Invocations
  6616 | D:8      | Noticed Joseph
  6630 | D:8      | Killed Joseph
  6711 | D:8      | Found a flagged portal.
  6747 | D:8      | Found a shimmering altar of Xom.
  6875 | D:8      | 6875 ||| PLANNING LAIR
  6875 | D:8      | 6875 ||| DROPPING +0 leather armour of poison resistance.
  6876 | D:8      | 6876 ||| DROPPING ring of see invisible.
  6877 | D:8      | 6877 ||| READING 3 scrolls of identify.
  6877 | D:8      | 6877 ||| IDENTIFYING coppery potion
  6913 | Lair:1   | Entered Level 1 of the Lair of Beasts
  6933 | Lair:1   | Reached *** piety under Okawaru
  6968 | Lair:1   | Noticed a cane toad
  6969 | Lair:1   | 6969 ||| INVOKING Heroism.
  6982 | Lair:1   | Killed a cane toad
  6983 | Lair:1   | Reached XP level 11. HP: 69/69 MP: 12/14
  7029 | Lair:1   | 7029 ||| INVOKING Heroism.
  7038 | Lair:1   | Reached skill level 9 in Fighting
  7074 | Lair:1   | 7074 ||| INVOKING Heroism.
  7076 | Lair:1   | 7076 ||| RETREATING.
  7083 | Lair:1   | 7083 ||| Stepping ~*~*~tactically~*~*~ (retreating).
  7084 | Lair:1   | 7084 ||| Stepping ~*~*~tactically~*~*~ (retreating).
  7085 | Lair:1   | 7085 ||| Stepping ~*~*~tactically~*~*~ (retreating).
  7086 | Lair:1   | 7086 ||| Stepping ~*~*~tactically~*~*~ (retreating).
  7087 | Lair:1   | 7087 ||| Stepping ~*~*~tactically~*~*~ (retreating).
  7088 | Lair:1   | 7088 ||| Stepping ~*~*~tactically~*~*~ (retreating).
  7090 | Lair:1   | 7090 ||| Stepping ~*~*~tactically~*~*~ (retreating).
  7092 | Lair:1   | 7092 ||| Stepping ~*~*~tactically~*~*~ (retreating).
  7093 | Lair:1   | 7093 ||| Stepping ~*~*~tactically~*~*~ (retreating).
  7094 | Lair:1   | 7094 ||| Stepping ~*~*~tactically~*~*~ (retreating).
  7095 | Lair:1   | 7095 ||| Stepping ~*~*~tactically~*~*~ (retreating).
  7097 | Lair:1   | 7097 ||| INVOKING Heroism.
  7098 | Lair:1   | 7098 ||| Stepping ~*~*~tactically~*~*~ (retreating).
  7226 | Lair:1   | 7226 ||| INVOKING Heroism.
  7339 | Lair:1   | Noticed Gastronok
  7340 | Lair:1   | 7340 ||| RETREATING.
  7342 | Lair:1   | 7342 ||| INVOKING Heroism.
  7360 | Lair:1   | 7360 ||| Stepping ~*~*~tactically~*~*~ (retreating).
  7367 | Lair:1   | Reached **** piety under Okawaru
  7370 | Lair:1   | 7370 ||| INVOKING Heroism.
  7381 | Lair:1   | Killed Gastronok
  7529 | Lair:1   | 7529 ||| INVOKING Heroism.
  7538 | Lair:1   | 7538 ||| Stepping ~*~*~tactically~*~*~ (retreating).
  7539 | Lair:1   | 7539 ||| Stepping ~*~*~tactically~*~*~ (retreating).
  7541 | Lair:1   | 7541 ||| Stepping ~*~*~tactically~*~*~ (retreating).
  7542 | Lair:1   | 7542 ||| Stepping ~*~*~tactically~*~*~ (retreating).
  7543 | Lair:1   | 7543 ||| Stepping ~*~*~tactically~*~*~ (retreating).
  7544 | Lair:1   | 7544 ||| Stepping ~*~*~tactically~*~*~ (retreating).
  7545 | Lair:1   | 7545 ||| Stepping ~*~*~tactically~*~*~ (retreating).
  7546 | Lair:1   | 7546 ||| Stepping ~*~*~tactically~*~*~ (retreating).
  7547 | Lair:1   | 7547 ||| Stepping ~*~*~tactically~*~*~ (retreating).
  7548 | Lair:1   | 7548 ||| Stepping ~*~*~tactically~*~*~ (retreating).
  7549 | Lair:1   | 7549 ||| Stepping ~*~*~tactically~*~*~ (retreating).
  7550 | Lair:1   | 7550 ||| Stepping ~*~*~tactically~*~*~ (retreating).
  7551 | Lair:1   | 7551 ||| INVOKING Heroism.
  7629 | Lair:1   | 7629 ||| INVOKING Heroism.
  7686 | Lair:1   | 7686 ||| INVOKING Heroism.
  7803 | Lair:2   | 7803 ||| STAIRDANCE
  7860 | Lair:2   | Noticed a skyshark
  7870 | Lair:2   | Killed a skyshark
  7871 | Lair:2   | Reached skill level 10 in Fighting
  7875 | Lair:2   | Reached ***** piety under Okawaru
  7931 | Lair:2   | Reached skill level 6 in Invocations
  7946 | Lair:2   | 7946 ||| INVOKING Heroism.
  7952 | Lair:2   | 7952 ||| Stepping ~*~*~tactically~*~*~ (retreating).
  7953 | Lair:2   | 7953 ||| Stepping ~*~*~tactically~*~*~ (retreating).
  8005 | Lair:2   | 8005 ||| Stepping ~*~*~tactically~*~*~ (retreating).
  8026 | Lair:2   | Found a staircase to the Snake Pit.
  8049 | Lair:2   | Reached XP level 12. HP: 78/78 MP: 16/16
  8158 | Lair:2   | 8158 ||| INVOKING Heroism.
  8354 | Lair:2   | 8354 ||| INVOKING Heroism.
  8363 | Lair:2   | 8363 ||| Stepping ~*~*~tactically~*~*~ (retreating).
  8364 | Lair:2   | 8364 ||| Stepping ~*~*~tactically~*~*~ (retreating).
  8365 | Lair:2   | 8365 ||| Stepping ~*~*~tactically~*~*~ (retreating).
  8366 | Lair:2   | 8366 ||| Stepping ~*~*~tactically~*~*~ (retreating).
  8367 | Lair:2   | 8367 ||| Stepping ~*~*~tactically~*~*~ (retreating).
  8445 | Lair:2   | Found a staircase to the Swamp.
  8643 | Lair:2   | Received a gift from Okawaru
  8901 | Lair:2   | 8901 ||| UPGRADING to +2 pair of boots of flying.
  8911 | Lair:2   | 8911 ||| DROPPING +2 pair of boots.
  8912 | Lair:2   | 8912 ||| READING 7 scrolls of identify.
  8912 | Lair:2   | 8912 ||| IDENTIFYING brown potion
  8953 | Lair:3   | 8953 ||| STAIRDANCE
  8962 | Lair:2   | Reached skill level 11 in Fighting
  8979 | Lair:3   | 8979 ||| STAIRDANCE
  9054 | Lair:3   | 9054 ||| RETREATING.
  9062 | Lair:3   | 9062 ||| RETREATING.
  9143 | Lair:3   | Noticed a death yak
  9144 | Lair:3   | 9144 ||| INVOKING Heroism.
  9144 | Lair:3   | Noticed a death yak
  9145 | Lair:3   | 9145 ||| INVOKING Finesse.
  9146 | Lair:3   | Noticed a six-headed hydra
  9155 | Lair:3   | Killed a death yak
  9161 | Lair:3   | Noticed a boulder beetle
  9175 | Lair:3   | Killed a six-headed hydra
  9176 | Lair:3   | Reached skill level 6 in Dodging
  9187 | Lair:3   | Killed a death yak
  9190 | Lair:3   | 9190 ||| INVOKING Finesse.
  9192 | Lair:3   | Reached skill level 9 in Invocations
  9216 | Lair:3   | 9216 ||| INVOKING Heroism.
  9328 | Lair:3   | 9328 ||| RETREATING.
  9332 | Lair:3   | 9332 ||| Stepping ~*~*~tactically~*~*~ (retreating).
  9333 | Lair:3   | 9333 ||| INVOKING Heroism.
  9354 | Lair:3   | Killed a boulder beetle
  9409 | Lair:3   | Identified the +7 plate armour "Forget-Me-Not" {rF+ Int+4
                  | Slay-6}
  9441 | Lair:3   | Identified the +1 orcbow of Righteous Fury {elec, *Corrode
                  | Str+3 Dex+6}
  9443 | Lair:3   | 9443 ||| SWAPPING to +1 orcbow of Righteous Fury {elec,
                  | *Corrode Str+3 Dex+6}.
  9444 | Lair:3   | 9444 ||| DROPPING +1 shortbow of draining.
  9480 | Lair:3   | Noticed a skyshark
  9488 | Lair:3   | Killed a skyshark
  9773 | Lair:3   | 9773 ||| INVOKING Heroism.
  9775 | Lair:3   | 9775 ||| Stepping ~*~*~tactically~*~*~ (retreating).
  9786 | Lair:3   | Reached XP level 13. HP: 72/84 MP: 20/20
  9853 | Lair:3   | 9853 ||| INVOKING Heroism.
  9872 | Lair:3   | Reached skill level 15 in Ranged Weapons
 10061 | Lair:3   | 10061 ||| INVOKING Heroism.
 10297 | Lair:3   | 10297 ||| READING scroll labelled RUMEL TAHIHIVU.
 10414 | Lair:4   | 10414 ||| STAIRDANCE
 10518 | Lair:4   | 10518 ||| STAIRDANCE
 10520 | Lair:3   | 10520 ||| INVOKING Heroism.
 10645 | Lair:4   | 10645 ||| STAIRDANCE
 10692 | Lair:4   | 10692 ||| STAIRDANCE
 10694 | Lair:3   | 10694 ||| INVOKING Heroism.
 10710 | Lair:4   | 10710 ||| STAIRDANCE
 10712 | Lair:3   | 10712 ||| Stepping ~*~*~tactically~*~*~ (retreating).
 10713 | Lair:3   | 10713 ||| Stepping ~*~*~tactically~*~*~ (retreating).
 10714 | Lair:3   | 10714 ||| Stepping ~*~*~tactically~*~*~ (retreating).
 10715 | Lair:3   | 10715 ||| Stepping ~*~*~tactically~*~*~ (retreating).
 10716 | Lair:3   | 10716 ||| Stepping ~*~*~tactically~*~*~ (retreating).
 10717 | Lair:3   | 10717 ||| Stepping ~*~*~tactically~*~*~ (retreating).
 10737 | Lair:4   | 10737 ||| STAIRDANCE
 10825 | Lair:4   | 10825 ||| RETREATING.
 10889 | Lair:4   | 10889 ||| INVOKING Heroism.
 10968 | Lair:4   | Found a runed translucent door.
 10968 | Lair:4   | Found a viscous altar of Jiyva.
 10968 | Lair:4   | Noticed an acid blob
 10968 | Lair:4   | Noticed an acid blob
 10969 | Lair:4   | Found a staircase to the Slime Pits.
 10969 | Lair:4   | Noticed an acid blob
 10969 | Lair:4   | Noticed an acid blob
 10974 | Lair:4   | Noticed qw's ghost (journeyman GrFi)
 10977 | Lair:4   | Found a transporter.
 11076 | Lair:4   | 11076 ||| RETREATING.
 11077 | Lair:4   | 11077 ||| INVOKING Heroism.
 11078 | Lair:4   | 11078 ||| INVOKING Finesse.
 11085 | Lair:4   | 11085 ||| Stepping ~*~*~tactically~*~*~ (retreating).
 11236 | Lair:4   | Found a transporter.
 11239 | Lair:4   | Found a bloodstained altar of Trog.
 11335 | Lair:4   | 11335 ||| FLEEEEING.
 11336 | Lair:4   | 11336 ||| FLEEEEING.
 11339 | Lair:4   | 11339 ||| FLEEEEING.
 11341 | Lair:4   | 11341 ||| FLEEEEING.
 11342 | Lair:4   | 11342 ||| FLEEEEING.
 11344 | Lair:4   | 11344 ||| FLEEEEING.
 11346 | Lair:4   | 11346 ||| FLEEEEING.
 11347 | Lair:4   | 11347 ||| FLEEEEING.
 11348 | Lair:4   | 11348 ||| FLEEEEING.
 11349 | Lair:4   | 11349 ||| FLEEEEING.
 11350 | Lair:4   | 11350 ||| FLEEEEING.
 11457 | Lair:4   | 11457 ||| INVOKING Heroism.
 11630 | Lair:4   | 11630 ||| INVOKING Heroism.
 11672 | Lair:4   | 11672 ||| READING 9 scrolls of identify.
 11672 | Lair:4   | 11672 ||| IDENTIFYING viscous blue potion
 11689 | Lair:5   | Entered Level 5 of the Lair of Beasts
 11696 | Lair:5   | 11696 ||| RETREATING.
 11705 | Lair:5   | 11705 ||| RETREATING.
 11706 | Lair:5   | 11706 ||| Stepping ~*~*~tactically~*~*~ (outnumbered).
 11708 | Lair:5   | 11708 ||| INVOKING Heroism.
 11709 | Lair:5   | 11709 ||| Stepping ~*~*~tactically~*~*~ (outnumbered).
 11748 | Lair:5   | Reached skill level 12 in Fighting
 11870 | Lair:5   | 11870 ||| INVOKING Heroism.
 11877 | Lair:5   | 11877 ||| INVOKING Finesse.
 11945 | Lair:5   | 11945 ||| INVOKING Heroism.
 12024 | Lair:5   | 12024 ||| INVOKING Heroism.
 12038 | Lair:5   | 12038 ||| INVOKING Heroism.
 12321 | Lair:5   | 12321 ||| INVOKING Heroism.
 12322 | Lair:5   | 12322 ||| INVOKING Finesse.
 12356 | Lair:5   | Reached skill level 13 in Fighting
 12381 | Lair:5   | 12381 ||| RETREATING.
 12383 | Lair:5   | 12383 ||| INVOKING Heroism.
 12389 | Lair:5   | Gained mutation: Your large and strong wings let you fly.
                  | [Gargoyle growth]
 12389 | Lair:5   | Reached XP level 14. HP: 81/94 MP: 18/21
 12394 | Lair:5   | 12394 ||| INVOKING Finesse.
 12501 | Lair:5   | 12501 ||| READING scroll labelled KETAWE KOANOUGG.
 12840 | Lair:5   | 12840 ||| INVOKING Heroism.
 12866 | Lair:5   | Reached skill level 9 in Dodging
 12874 | Lair:5   | Identified the +0 scale mail of the Last Hells {Contam
                  | Will+ rCorr}
 12880 | Lair:5   | 12880 ||| READING scroll of enchant armour.
 12880 | Lair:5   | 12880 ||| ENCHANTING +0 pair of gloves.
 12983 | Lair:5   | 12983 ||| PLANNING D:1-11
 12983 | Lair:5   | 12983 ||| READING 10 scrolls of identify.
 12983 | Lair:5   | 12983 ||| IDENTIFYING murky brown potion
 12984 | Lair:5   | 12984 ||| DROPPING potion of ambrosia.
 13327 | D:9      | 13327 ||| FLEEEEING.
 13328 | D:9      | 13328 ||| FLEEEEING.
 13468 | D:9      | You are sucked into a shaft and drop 2 floors!
 13518 | D:11     | Found Tossiuf's Assorted Antiques.
 13523 | D:11     | 13523 ||| BUYING dyed leather armour (120 gold).
 13523 | D:11     | Bought a dyed leather armour for 120 gold pieces
 13523 | D:11     | 13523 ||| BUYING scroll of enchant weapon (180 gold).
 13523 | D:11     | Bought a scroll of enchant weapon for 180 gold pieces
 13558 | D:11     | 13558 ||| DROPPING +2 pair of boots.
 13559 | D:11     | 13559 ||| UPGRADING to +3 leather armour of fire
                  | resistance.
 13569 | D:11     | 13569 ||| DROPPING +2 robe.
 13577 | D:10     | Entered Level 10 of the Dungeon
 13577 | D:10     | Found a burning altar of Makhleb.
 13588 | D:10     | Identified the +0 robe of the Elephant {Int+3}
 13697 | D:10     | Found a staircase to the Orcish Mines.
 13780 | D:10     | Noticed Sonja
 13781 | D:10     | 13781 ||| INVOKING Finesse.
 13799 | D:10     | Killed Sonja
 13868 | D:10     | 13868 ||| DROPPING +0 robe of the Elephant {Int+3}.
 13869 | D:10     | 13869 ||| DRINKING 2 cyan potions.
 14365 | D:9      | 14365 ||| INVOKING Heroism.
 14368 | D:9      | Reached skill level 6 in Armour
 14786 | D:10     | Noticed Erolcha
 14787 | D:10     | 14787 ||| INVOKING Heroism.
 14788 | D:10     | 14788 ||| INVOKING Finesse.
 14792 | D:10     | Killed Erolcha
 15073 | D:10     | 15073 ||| DRINKING 2 grey potions.
 15151 | D:11     | Found Pedeeros's Distillery.
 15154 | D:11     | 15154 ||| BUYING 2 potions of heal wounds (170 gold).
 15154 | D:11     | Bought 2 potions of heal wounds for 170 gold pieces
 15154 | D:11     | 15154 ||| BUYING potion of curing (51 gold).
 15154 | D:11     | Bought a potion of curing for 51 gold pieces
 15154 | D:11     | 15154 ||| BUYING potion of curing (51 gold).
 15154 | D:11     | Bought a potion of curing for 51 gold pieces
 15154 | D:11     | 15154 ||| BUYING potion of heal wounds (85 gold).
 15154 | D:11     | Bought a potion of heal wounds for 85 gold pieces
 15154 | D:11     | 15154 ||| BUYING potion of mutation (136 gold).
 15154 | D:11     | Bought a potion of mutation for 136 gold pieces
 15154 | D:11     | 15154 ||| BUYING potion of mutation (136 gold).
 15154 | D:11     | Bought a potion of mutation for 136 gold pieces
 15180 | D:11     | Found a viscous altar of Jiyva.
 15244 | D:11     | 15244 ||| Stepping ~*~*~tactically~*~*~ (retreating).
 15245 | D:11     | 15245 ||| Stepping ~*~*~tactically~*~*~ (retreating).
 15246 | D:11     | 15246 ||| Stepping ~*~*~tactically~*~*~ (retreating).
 15268 | D:11     | 15268 ||| RETREATING.
 15279 | D:11     | Reached skill level 14 in Fighting
 15491 | D:11     | Found Feuriu's Jewellery Shop.
 15497 | D:11     | 15497 ||| SHOPLISTING ring "Seetwiemp" {Fly rF- Str+3 Int+3
                  | Dex+6} (659 gold, have 106).
 15552 | D:11     | Found Zuixebatz's General Store.
 15606 | D:11     | Noticed Erica
 15607 | D:11     | 15607 ||| Stepping ~*~*~tactically~*~*~ (outnumbered).
 15609 | D:11     | 15609 ||| INVOKING Heroism.
 15610 | D:11     | 15610 ||| INVOKING Finesse.
 15613 | D:11     | Killed Erica
 15658 | D:11     | Found a transporter.
 15659 | D:11     | Found a transporter.
 15722 | D:11     | 15722 ||| READING scroll of acquirement.
 15722 | D:11     | 15722 ||| ACQUIRING +3 Mad Mage's Maulers {Infuse+∞ VampMP
                  | -Cast}
 15722 | D:11     | Acquired the +3 Mad Mage's Maulers {Infuse+∞ VampMP -Cast}
 15722 | D:11     | Found the +3 Mad Mage's Maulers {Infuse+∞ VampMP -Cast}
 15814 | D:11     | Noticed Nergalle
 15817 | D:11     | 15817 ||| RETREATING.
 15823 | D:11     | 15823 ||| Stepping ~*~*~tactically~*~*~ (retreating).
 15824 | D:11     | 15824 ||| Stepping ~*~*~tactically~*~*~ (retreating).
 15825 | D:11     | 15825 ||| Stepping ~*~*~tactically~*~*~ (retreating).
 15826 | D:11     | 15826 ||| Stepping ~*~*~tactically~*~*~ (retreating).
 15827 | D:11     | 15827 ||| Stepping ~*~*~tactically~*~*~ (retreating).
 15828 | D:11     | 15828 ||| Stepping ~*~*~tactically~*~*~ (retreating).
 15829 | D:11     | 15829 ||| Stepping ~*~*~tactically~*~*~ (retreating).
 15830 | D:11     | 15830 ||| Stepping ~*~*~tactically~*~*~ (retreating).
 15831 | D:11     | 15831 ||| Stepping ~*~*~tactically~*~*~ (retreating).
 15832 | D:11     | 15832 ||| Stepping ~*~*~tactically~*~*~ (retreating).
 15833 | D:11     | 15833 ||| Stepping ~*~*~tactically~*~*~ (retreating).
 15834 | D:11     | 15834 ||| Stepping ~*~*~tactically~*~*~ (retreating).
 15835 | D:11     | 15835 ||| Stepping ~*~*~tactically~*~*~ (retreating).
 15841 | D:11     | Killed Nergalle
 15900 | D:11     | 15900 ||| FLEEEEING.
 15915 | D:11     | 15915 ||| FLEEEEING.
 15916 | D:11     | 15916 ||| FLEEEEING.
 15917 | D:11     | 15917 ||| FLEEEEING.
 16118 | D:11     | 16118 ||| PLANNING D
 16142 | D:12     | 16142 ||| STAIRDANCE
 16149 | D:12     | 16149 ||| STAIRDANCE
 16226 | D:12     | 16226 ||| Stepping randomly (disturbance).
 16227 | D:12     | 16227 ||| Stepping randomly (disturbance).
 16228 | D:12     | 16228 ||| Stepping randomly (disturbance).
 16229 | D:12     | 16229 ||| Stepping randomly (disturbance).
 16303 | D:12     | Received a gift from Okawaru
 16307 | D:12     | Reached skill level 15 in Fighting
 16599 | D:12     | Noticed Frances
 16600 | D:12     | 16600 ||| INVOKING Heroism.
 16601 | D:12     | 16601 ||| INVOKING Finesse.
 16625 | D:12     | Killed Frances
 17034 | D:12     | Noticed Maurice
 17038 | D:12     | Killed Maurice
 17044 | D:12     | 17044 ||| DROPPING ring of positive energy.
 17045 | D:12     | 17045 ||| READING 12 scrolls of identify.
 17045 | D:12     | 17045 ||| IDENTIFYING metallic silvery potion
 17046 | D:12     | 17046 ||| DROPPING potion of berserk rage.
 17120 | D:13     | 17120 ||| INVOKING Heroism.
 17124 | D:13     | 17124 ||| RETREATING.
 17134 | D:13     | 17134 ||| INVOKING Finesse.
 17185 | D:13     | Found a gate to the Vaults.
 17329 | D:13     | Reached XP level 15. HP: 103/103 MP: 22/22
 17399 | D:13     | 17399 ||| Stepping ~*~*~tactically~*~*~ (outnumbered).
 17401 | D:13     | 17401 ||| INVOKING Heroism.
 17402 | D:13     | 17402 ||| Stepping ~*~*~tactically~*~*~ (retreating).
 17430 | D:13     | Noticed Rupert
 17438 | D:13     | Killed Rupert
 17479 | D:13     | 17479 ||| Stepping ~*~*~tactically~*~*~ (retreating).
 17482 | D:13     | 17482 ||| Stepping ~*~*~tactically~*~*~ (retreating).
 17483 | D:13     | 17483 ||| Stepping ~*~*~tactically~*~*~ (retreating).
 17484 | D:13     | 17484 ||| Stepping ~*~*~tactically~*~*~ (retreating).
 17485 | D:13     | 17485 ||| Stepping ~*~*~tactically~*~*~ (retreating).
 17489 | D:13     | 17489 ||| Stepping ~*~*~tactically~*~*~ (retreating).
 17504 | D:13     | 17504 ||| INVOKING Heroism.
 17506 | D:13     | 17506 ||| Stepping ~*~*~tactically~*~*~ (retreating).
 17507 | D:13     | 17507 ||| Stepping ~*~*~tactically~*~*~ (retreating).
 17509 | D:13     | 17509 ||| Stepping ~*~*~tactically~*~*~ (retreating).
 17510 | D:13     | 17510 ||| Stepping ~*~*~tactically~*~*~ (retreating).
 17511 | D:13     | 17511 ||| Stepping ~*~*~tactically~*~*~ (retreating).
 17512 | D:13     | 17512 ||| Stepping ~*~*~tactically~*~*~ (retreating).
 17513 | D:13     | 17513 ||| Stepping ~*~*~tactically~*~*~ (retreating).
 17537 | D:13     | Reached skill level 16 in Fighting
 17676 | D:14     | 17676 ||| Stepping ~*~*~tactically~*~*~ (retreating).
 17677 | D:14     | 17677 ||| Stepping ~*~*~tactically~*~*~ (retreating).
 17678 | D:14     | 17678 ||| Stepping ~*~*~tactically~*~*~ (retreating).
 17682 | D:14     | 17682 ||| INVOKING Heroism.
 17885 | D:14     | Noticed Kirke
 17886 | D:14     | 17886 ||| RETREATING.
 17891 | D:14     | 17891 ||| Stepping ~*~*~tactically~*~*~ (retreating).
 17892 | D:14     | 17892 ||| INVOKING Heroism.
 17896 | D:14     | 17896 ||| INVOKING Finesse.
 17915 | D:14     | Killed Kirke
 18093 | D:14     | 18093 ||| RETREATING.
 18101 | D:14     | 18101 ||| RETREATING.
 18133 | D:14     | Received a gift from Okawaru
 18200 | D:14     | Noticed Lodul
 18205 | D:14     | 18205 ||| RETREATING.
 18214 | D:14     | Killed Lodul
 18240 | D:14     | 18240 ||| RETREATING.
 18255 | D:14     | 18255 ||| Stepping ~*~*~tactically~*~*~ (retreating).
 18377 | D:15     | Entered Level 15 of the Dungeon
 18419 | D:15     | Found Fega Kuz's Armour Shoppe.
 18431 | D:15     | Noticed Roxanne
 18432 | D:15     | 18432 ||| INVOKING Heroism.
 18433 | D:15     | 18433 ||| INVOKING Finesse.
 18450 | D:15     | Killed Roxanne
 18694 | D:15     | 18694 ||| FLEEEEING.
 18695 | D:15     | 18695 ||| FLEEEEING.
 18696 | D:15     | 18696 ||| FLEEEEING.
 18697 | D:15     | 18697 ||| FLEEEEING.
 18698 | D:15     | 18698 ||| FLEEEEING.
 18745 | D:15     | Found Xeifuth's Jewellery Boutique.
 18748 | D:15     | 18748 ||| BUYING +5 ring of evasion (540 gold).
 18748 | D:15     | Bought a +5 ring of evasion for 540 gold pieces
 18986 | D:15     | Reached skill level 17 in Fighting
 19002 | D:15     | 19002 ||| Stepping ~*~*~tactically~*~*~ (retreating).
 19018 | D:15     | 19018 ||| INVOKING Heroism.
 19040 | D:15     | Found a staircase to the Depths.
 19137 | D:15     | 19137 ||| INVOKING Heroism.
 19315 | D:15     | 19315 ||| PLANNING ORC
 19315 | D:15     | 19315 ||| UPGRADING to +5 ring of evasion.
 19317 | D:15     | 19317 ||| DROPPING +4 ring of slaying {mikee}.
 19463 | Orc:1    | Entered Level 1 of the Orcish Mines
 19480 | Orc:1    | 19480 ||| INVOKING Heroism.
 19485 | Orc:1    | 19485 ||| STAIRDANCE
 19495 | Orc:1    | 19495 ||| STAIRDANCE
 19501 | Orc:1    | 19501 ||| STAIRDANCE
 19503 | D:10     | 19503 ||| INVOKING Heroism.
 19584 | Orc:1    | 19584 ||| STAIRDANCE
 19603 | Orc:1    | 19603 ||| STAIRDANCE
 19650 | Orc:1    | 19650 ||| STAIRDANCE
 19684 | Orc:1    | 19684 ||| FLEEEEING.
 19685 | Orc:1    | 19685 ||| STAIRDANCE
 19746 | Orc:1    | Found a frozen archway.
 19910 | Orc:1    | 19910 ||| Stepping ~*~*~tactically~*~*~ (outnumbered).
 20016 | Orc:1    | Noticed Harold
 20030 | Orc:1    | Killed Harold
 20216 | Orc:2    | Entered Level 2 of the Orcish Mines
 20219 | Orc:2    | 20219 ||| STAIRDANCE
 20237 | Orc:2    | 20237 ||| STAIRDANCE
 20298 | Orc:2    | 20298 ||| INVOKING Heroism.
 20307 | Orc:2    | 20307 ||| Stepping ~*~*~tactically~*~*~ (retreating).
 20308 | Orc:2    | 20308 ||| Stepping ~*~*~tactically~*~*~ (retreating).
 20309 | Orc:2    | 20309 ||| Stepping ~*~*~tactically~*~*~ (retreating).
 20310 | Orc:2    | 20310 ||| Stepping ~*~*~tactically~*~*~ (retreating).
 20311 | Orc:2    | 20311 ||| Stepping ~*~*~tactically~*~*~ (retreating).
 20482 | Orc:2    | Found Ogafitoc's Assorted Antiques.
 20483 | Orc:2    | 20483 ||| INVOKING Heroism.
 20502 | Orc:2    | 20502 ||| BUYING coral ring (140 gold).
 20502 | Orc:2    | Bought a coral ring for 140 gold pieces
 20502 | Orc:2    | 20502 ||| SHOPLISTING potion of mutation (224 gold, have
                  | 194).
 20538 | Orc:2    | Reached XP level 16. HP: 112/112 MP: 23/23
 20544 | Orc:2    | 20544 ||| Stepping ~*~*~tactically~*~*~ (outnumbered).
 20588 | Orc:2    | 20588 ||| Stepping ~*~*~tactically~*~*~ (retreating).
 20589 | Orc:2    | 20589 ||| Stepping ~*~*~tactically~*~*~ (retreating).
 20590 | Orc:2    | 20590 ||| INVOKING Heroism.
 20611 | Orc:2    | 20611 ||| READING scroll of enchant armour.
 20611 | Orc:2    | 20611 ||| ENCHANTING +1 pair of gloves.
 20648 | Orc:2    | 20648 ||| INVOKING Heroism.
 20659 | Orc:2    | Reached skill level 12 in Dodging
 20840 | Orc:2    | 20840 ||| Stepping ~*~*~tactically~*~*~ (outnumbered).
 20842 | Orc:2    | 20842 ||| Stepping ~*~*~tactically~*~*~ (outnumbered).
 20941 | Orc:2    | 20941 ||| FLEEEEING.
 20942 | Orc:2    | 20942 ||| FLEEEEING.
 20943 | Orc:2    | 20943 ||| FLEEEEING.
 20944 | Orc:2    | 20944 ||| FLEEEEING.
 20945 | Orc:2    | 20945 ||| FLEEEEING.
 20946 | Orc:2    | 20946 ||| FLEEEEING.
 20947 | Orc:2    | 20947 ||| FLEEEEING.
 20948 | Orc:2    | 20948 ||| FLEEEEING.
 20949 | Orc:2    | 20949 ||| FLEEEEING.
 20950 | Orc:2    | 20950 ||| FLEEEEING.
 20951 | Orc:2    | 20951 ||| FLEEEEING.
 20952 | Orc:2    | 20952 ||| FLEEEEING.
 20953 | Orc:2    | 20953 ||| STAIRDANCE
 21055 | Orc:1    | 21055 ||| DROPPING +6 ring of intelligence.
 21171 | Orc:2    | Found Zely's General Store.
 21172 | Orc:2    | 21172 ||| INVOKING Heroism.
 21190 | Orc:2    | 21190 ||| SHOPLISTING ring of protection from fire (325
                  | gold, have 323).
 21252 | Orc:2    | 21252 ||| INVOKING Heroism.
 21525 | Orc:2    | Found a staircase to the Elven Halls.
 21571 | Orc:2    | 21571 ||| INVOKING Heroism.
 21572 | Orc:2    | 21572 ||| Stepping ~*~*~tactically~*~*~ (retreating).
 21576 | Orc:2    | 21576 ||| Stepping ~*~*~tactically~*~*~ (retreating).
 21577 | Orc:2    | 21577 ||| Stepping ~*~*~tactically~*~*~ (retreating).
 21580 | Orc:2    | 21580 ||| RETREATING.
 21586 | Orc:2    | 21586 ||| Stepping ~*~*~tactically~*~*~ (retreating).
 21587 | Orc:2    | 21587 ||| Stepping ~*~*~tactically~*~*~ (retreating).
 21588 | Orc:2    | 21588 ||| Stepping ~*~*~tactically~*~*~ (retreating).
 21589 | Orc:2    | 21589 ||| Stepping ~*~*~tactically~*~*~ (retreating).
 21590 | Orc:2    | 21590 ||| Stepping ~*~*~tactically~*~*~ (retreating).
 21591 | Orc:2    | 21591 ||| Stepping ~*~*~tactically~*~*~ (retreating).
 21594 | Orc:2    | 21594 ||| Stepping ~*~*~tactically~*~*~ (retreating).
 21740 | Orc:2    | 21740 ||| Stepping ~*~*~tactically~*~*~ (outnumbered).
 21742 | Orc:2    | 21742 ||| Stepping ~*~*~tactically~*~*~ (outnumbered).
 21744 | Orc:2    | 21744 ||| Stepping ~*~*~tactically~*~*~ (outnumbered).
 21746 | Orc:2    | 21746 ||| Stepping ~*~*~tactically~*~*~ (outnumbered).
 21788 | Orc:2    | Noticed Saint Roka
 21789 | Orc:2    | 21789 ||| INVOKING Heroism.
 21790 | Orc:2    | 21790 ||| Stepping ~*~*~tactically~*~*~ (outnumbered).
 21791 | Orc:2    | 21791 ||| Stepping ~*~*~tactically~*~*~ (outnumbered).
 21801 | Orc:2    | 21801 ||| Stepping ~*~*~tactically~*~*~ (retreating).
 21802 | Orc:2    | 21802 ||| Stepping ~*~*~tactically~*~*~ (retreating).
 21803 | Orc:2    | 21803 ||| Stepping ~*~*~tactically~*~*~ (retreating).
 21804 | Orc:2    | 21804 ||| Stepping ~*~*~tactically~*~*~ (retreating).
 21805 | Orc:2    | 21805 ||| Stepping ~*~*~tactically~*~*~ (retreating).
 21806 | Orc:2    | 21806 ||| Stepping ~*~*~tactically~*~*~ (retreating).
 21812 | Orc:2    | 21812 ||| Stepping ~*~*~tactically~*~*~ (retreating).
 21813 | Orc:2    | 21813 ||| RETREATING.
 21833 | Orc:2    | HP: 18/114 [Saint Roka/divine providence (15)]
 21834 | Orc:2    | 21834 ||| READING 7 scrolls of teleportation.
 21834 | Orc:2    | HP: 4/114 [Saint Roka/divine providence (14)]
 21835 | Orc:2    | 21835 ||| DRINKING 5 potions of heal wounds.
 21836 | Orc:2    | 21836 ||| DRINKING 4 potions of heal wounds.
 21837 | Orc:2    | 21837 ||| Stepping ~*~*~tactically~*~*~ (retreating).
 21870 | Orc:2    | 21870 ||| INVOKING Heroism.
 22073 | Orc:2    | 22073 ||| INVOKING Heroism.
 22094 | Orc:2    | Killed Saint Roka
 22095 | Orc:2    | Reached skill level 18 in Fighting
 22311 | Orc:2    | 22311 ||| Stepping ~*~*~tactically~*~*~ (outnumbered).
 22376 | Orc:2    | 22376 ||| Stepping ~*~*~tactically~*~*~ (outnumbered).
 22378 | Orc:2    | 22378 ||| Stepping ~*~*~tactically~*~*~ (outnumbered).
 22380 | Orc:2    | 22380 ||| Stepping ~*~*~tactically~*~*~ (outnumbered).
 22382 | Orc:2    | 22382 ||| Stepping ~*~*~tactically~*~*~ (outnumbered).
 22384 | Orc:2    | 22384 ||| INVOKING Heroism.
 22389 | Orc:2    | 22389 ||| Stepping ~*~*~tactically~*~*~ (outnumbered).
 22405 | Orc:2    | 22405 ||| Stepping ~*~*~tactically~*~*~ (retreating).
 22407 | Orc:2    | 22407 ||| Stepping ~*~*~tactically~*~*~ (retreating).
 22408 | Orc:2    | 22408 ||| Stepping ~*~*~tactically~*~*~ (retreating).
 22409 | Orc:2    | 22409 ||| Stepping ~*~*~tactically~*~*~ (retreating).
 22473 | Orc:2    | 22473 ||| Stepping ~*~*~tactically~*~*~ (outnumbered).
 22475 | Orc:2    | 22475 ||| Stepping ~*~*~tactically~*~*~ (outnumbered).
 22488 | Orc:2    | 22488 ||| FLEEEEING.
 22489 | Orc:2    | 22489 ||| FLEEEEING.
 22490 | Orc:2    | 22490 ||| FLEEEEING.
 22493 | Orc:2    | 22493 ||| FLEEEEING.
 22494 | Orc:2    | 22494 ||| FLEEEEING.
 22496 | Orc:2    | 22496 ||| FLEEEEING.
 22497 | Orc:2    | 22497 ||| FLEEEEING.
 22499 | Orc:2    | 22499 ||| FLEEEEING.
 22500 | Orc:2    | 22500 ||| FLEEEEING.
 22501 | Orc:2    | 22501 ||| FLEEEEING.
 22502 | Orc:2    | 22502 ||| FLEEEEING.
 22503 | Orc:2    | 22503 ||| FLEEEEING.
 22504 | Orc:2    | 22504 ||| FLEEEEING.
 22505 | Orc:2    | 22505 ||| FLEEEEING.
 22506 | Orc:2    | 22506 ||| FLEEEEING.
 22509 | Orc:2    | 22509 ||| FLEEEEING.
 22510 | Orc:2    | 22510 ||| FLEEEEING.
 22511 | Orc:2    | 22511 ||| FLEEEEING.
 22512 | Orc:2    | 22512 ||| FLEEEEING.
 22513 | Orc:2    | 22513 ||| FLEEEEING.
 22514 | Orc:2    | 22514 ||| FLEEEEING.
 22515 | Orc:2    | 22515 ||| FLEEEEING.
 22573 | Orc:2    | 22573 ||| Stepping ~*~*~tactically~*~*~ (outnumbered).
 22596 | Orc:2    | 22596 ||| FLEEEEING.
 22597 | Orc:2    | 22597 ||| FLEEEEING.
 22647 | Orc:2    | 22647 ||| INVOKING Heroism.
 22728 | Orc:2    | 22728 ||| INVOKING Heroism.
 22743 | Orc:2    | Found Vevoazuj's Jewellery Emporium.
 22824 | Orc:2    | 22824 ||| SHOPLISTING +5 ring of evasion (504 gold, have
                  | 416).
 22824 | Orc:2    | 22824 ||| SHOPLISTING +6 ring of dexterity (504 gold, have
                  | 416).
 22824 | Orc:2    | 22824 ||| SHOPLISTING amulet of reflection (420 gold, have
                  | 416).
 22843 | Orc:2    | Found Wola's Assorted Antiques.
 22854 | Orc:2    | 22854 ||| BUYING 2 potions of curing (222 gold).
 22854 | Orc:2    | Bought 2 potions of curing for 222 gold pieces
 22854 | Orc:2    | 22854 ||| SHOPLISTING 2 scrolls of brand weapon (703 gold,
                  | have 194).
 22854 | Orc:2    | 22854 ||| BUYING glowing robe (136 gold).
 22854 | Orc:2    | Bought a glowing robe for 136 gold pieces
 22854 | Orc:2    | 22854 ||| SHOPLISTING ring of protection from fire (925
                  | gold, have 58).
 22854 | Orc:2    | 22854 ||| SHOPLISTING scroll of acquirement (1924 gold,
                  | have 58).
 22854 | Orc:2    | 22854 ||| SHOPLISTING scroll of enchant weapon (277 gold,
                  | have 58).
 22877 | Orc:2    | 22877 ||| INVOKING Heroism.
 22904 | Orc:2    | 22904 ||| PLANNING SWAMP:1-3
 22904 | Orc:2    | 22904 ||| DROPPING +2 robe of willpower.
 23158 | Swamp:1  | Entered Level 1 of the Swamp
 23166 | Swamp:1  | 23166 ||| STAIRDANCE
 23176 | Lair:2   | Reached skill level 9 in Armour
 23268 | Swamp:1  | 23268 ||| INVOKING Heroism.
 23348 | Swamp:1  | 23348 ||| INVOKING Heroism.
 23402 | Swamp:1  | 23402 ||| INVOKING Heroism.
 23549 | Swamp:1  | Noticed Louise
 23550 | Swamp:1  | 23550 ||| INVOKING Heroism.
 23585 | Swamp:1  | Killed Louise
 23591 | Swamp:1  | 23591 ||| Stepping ~*~*~tactically~*~*~ (cloud).
 23610 | Swamp:1  | 23610 ||| INVOKING Heroism.
 23950 | Swamp:2  | 23950 ||| INVOKING Heroism.
 23955 | Swamp:2  | Received a gift from Okawaru
 24020 | Swamp:2  | Reached skill level 19 in Fighting
 24060 | Swamp:2  | Noticed a fenstrider witch
 24061 | Swamp:2  | 24061 ||| INVOKING Heroism.
 24072 | Swamp:2  | Killed a fenstrider witch
 24276 | Swamp:2  | 24276 ||| Stepping ~*~*~tactically~*~*~ (retreating).
 24277 | Swamp:2  | 24277 ||| Stepping ~*~*~tactically~*~*~ (retreating).
 24278 | Swamp:2  | 24278 ||| Stepping ~*~*~tactically~*~*~ (retreating).
 24279 | Swamp:2  | 24279 ||| INVOKING Heroism.
 24570 | Swamp:2  | 24570 ||| INVOKING Heroism.
 24662 | Swamp:2  | 24662 ||| INVOKING Heroism.
 24803 | Swamp:3  | Noticed Mlioglotl
 24804 | Swamp:3  | 24804 ||| Stepping ~*~*~tactically~*~*~ (retreating).
 24805 | Swamp:3  | 24805 ||| RETREATING.
 24835 | Swamp:3  | 24835 ||| INVOKING Heroism.
 24840 | Swamp:3  | 24840 ||| RETREATING.
 24844 | Swamp:3  | 24844 ||| Stepping ~*~*~tactically~*~*~ (retreating).
 24845 | Swamp:3  | 24845 ||| Stepping ~*~*~tactically~*~*~ (retreating).
 24848 | Swamp:3  | 24848 ||| Stepping ~*~*~tactically~*~*~ (outnumbered).
 24867 | Swamp:3  | Killed Mlioglotl
 25035 | Swamp:3  | 25035 ||| INVOKING Heroism.
 25039 | Swamp:3  | 25039 ||| RETREATING.
 25138 | Swamp:3  | Reached XP level 17. HP: 122/122 MP: 24/24
 25223 | Swamp:3  | 25223 ||| INVOKING Heroism.
 25362 | Swamp:3  | 25362 ||| Stepping ~*~*~tactically~*~*~ (retreating).
 25363 | Swamp:3  | 25363 ||| Stepping ~*~*~tactically~*~*~ (retreating).
 25592 | Swamp:3  | 25592 ||| FLEEEEING.
 25593 | Swamp:3  | 25593 ||| FLEEEEING.
 25594 | Swamp:3  | 25594 ||| FLEEEEING.
 25665 | Swamp:3  | 25665 ||| INVOKING Heroism.
 25821 | Swamp:3  | 25821 ||| SWAPPING to +5 longbow.
 25822 | Swamp:3  | 25822 ||| DROPPING +1 orcbow of Righteous Fury {elec,
                  | *Corrode Str+3 Dex+6}.
 25823 | Swamp:3  | 25823 ||| READING 2 scrolls of brand weapon.
 25823 | Swamp:3  | 25823 ||| BRANDING +5 longbow.
 25824 | Swamp:3  | 25824 ||| READING scroll of brand weapon.
 25824 | Swamp:3  | 25824 ||| BRANDING +5 longbow of draining.
 25825 | Swamp:3  | 25825 ||| READING 4 scrolls of enchant weapon.
 25825 | Swamp:3  | 25825 ||| ENCHANTING +5 heavy longbow.
 25826 | Swamp:3  | 25826 ||| READING 3 scrolls of enchant weapon.
 25826 | Swamp:3  | 25826 ||| ENCHANTING +6 heavy longbow.
 25827 | Swamp:3  | 25827 ||| READING 2 scrolls of enchant weapon.
 25827 | Swamp:3  | 25827 ||| ENCHANTING +7 heavy longbow.
 25828 | Swamp:3  | 25828 ||| READING scroll of enchant weapon.
 25828 | Swamp:3  | 25828 ||| ENCHANTING +8 heavy longbow.
 25966 | Swamp:3  | Noticed Mara
 25967 | Swamp:3  | 25967 ||| INVOKING Heroism.
 25968 | Swamp:3  | 25968 ||| INVOKING Finesse.
 25969 | Swamp:3  | 25969 ||| INVOKING Finesse.
 25975 | Swamp:3  | 25975 ||| RETREATING.
 25999 | Swamp:3  | Killed Mara
 25999 | Swamp:3  | Received a gift from Okawaru
 26252 | Swamp:3  | 26252 ||| PLANNING SNAKE:1-3
 26252 | Swamp:3  | 26252 ||| DROPPING +1 helmet.
 26315 | Snake:1  | Entered Level 1 of the Snake Pit
 26316 | Snake:1  | 26316 ||| STAIRDANCE
 26389 | Snake:1  | Noticed Azrael
 26394 | Snake:1  | 26394 ||| RETREATING.
 26400 | Snake:1  | 26400 ||| INVOKING Heroism.
 26401 | Snake:1  | 26401 ||| Stepping ~*~*~tactically~*~*~ (retreating).
 26402 | Snake:1  | 26402 ||| Stepping ~*~*~tactically~*~*~ (retreating).
 26413 | Snake:1  | Killed Azrael
 26673 | Snake:1  | 26673 ||| RETREATING.
 26677 | Snake:1  | Received a gift from Okawaru
 26730 | Snake:1  | Noticed Donald
 26731 | Snake:1  | 26731 ||| INVOKING Heroism.
 26732 | Snake:1  | 26732 ||| RETREATING.
 26733 | Snake:1  | 26733 ||| INVOKING Finesse.
 26740 | Snake:1  | Killed Donald
 26944 | Snake:1  | Found Vuxaac's Antique Armour Shop.
 26951 | Snake:1  | 26951 ||| BUYING pair of embroidered boots (157 gold).
 26951 | Snake:1  | Bought a pair of embroidered boots for 157 gold pieces
 27116 | Snake:1  | 27116 ||| DROPPING +2 pair of boots of rampaging.
 27236 | Snake:2  | Identified the +7 arbalest of Qiniam {drain, rPois}
                  | (Okawaru gifted it to you on level 2 of the Snake Pit)
 27236 | Snake:2  | Received a gift from Okawaru
 27282 | Snake:2  | Noticed Aizul
 27283 | Snake:2  | 27283 ||| INVOKING Heroism.
 27284 | Snake:2  | 27284 ||| INVOKING Finesse.
 27292 | Snake:2  | Killed Aizul
 27508 | Snake:2  | 27508 ||| DROPPING +2 hat.
 27512 | Snake:3  | 27512 ||| RETREATING.
 27516 | Snake:3  | 27516 ||| RETREATING.
 27518 | Snake:3  | 27518 ||| Stepping ~*~*~tactically~*~*~ (retreating).
 27566 | Snake:3  | 27566 ||| RETREATING.
 27581 | Snake:3  | 27581 ||| INVOKING Heroism.
 27591 | Snake:3  | Reached skill level 18 in Ranged Weapons
 27946 | Snake:3  | 27946 ||| Stepping ~*~*~tactically~*~*~ (outnumbered).
 27947 | Snake:3  | 27947 ||| Stepping ~*~*~tactically~*~*~ (outnumbered).
 27948 | Snake:3  | 27948 ||| Stepping ~*~*~tactically~*~*~ (outnumbered).
 27952 | Snake:3  | Identified the +7 rapier "Kuerixkoa" {protect, Str+3 Dex+3
                  | SInv Stlth-}
 27953 | Snake:3  | 27953 ||| RETREATING.
 27963 | Snake:3  | 27963 ||| INVOKING Heroism.
 28185 | Snake:3  | Noticed Razfen's ghost (adept GnWn)
 28188 | Snake:3  | Found a transporter.
 28191 | Snake:3  | Found a transporter.
 28230 | Snake:3  | 28230 ||| INVOKING Heroism.
 28409 | Snake:3  | 28409 ||| INVOKING Heroism.
 28416 | Snake:3  | 28416 ||| Stepping ~*~*~tactically~*~*~ (outnumbered).
 28417 | Snake:3  | 28417 ||| Stepping ~*~*~tactically~*~*~ (outnumbered).
 28420 | Snake:3  | 28420 ||| Stepping ~*~*~tactically~*~*~ (outnumbered).
 28952 | Snake:3  | 28952 ||| PLANNING SWAMP:4
 29128 | Swamp:4  | Entered Level 4 of the Swamp
 29132 | Swamp:4  | 29132 ||| STAIRDANCE
 29171 | Swamp:4  | Reached XP level 18. HP: 129/129 MP: 25/25
 29305 | Swamp:4  | Identified the +2 leather armour "Kihunep" {Str+4}
 29365 | Swamp:4  | 29365 ||| Stepping ~*~*~tactically~*~*~ (retreating).
 29376 | Swamp:4  | 29376 ||| Stepping ~*~*~tactically~*~*~ (retreating).
 29377 | Swamp:4  | 29377 ||| Stepping ~*~*~tactically~*~*~ (retreating).
 29378 | Swamp:4  | 29378 ||| Stepping ~*~*~tactically~*~*~ (retreating).
 29379 | Swamp:4  | 29379 ||| Stepping ~*~*~tactically~*~*~ (retreating).
 29381 | Swamp:4  | 29381 ||| Stepping ~*~*~tactically~*~*~ (retreating).
 29382 | Swamp:4  | 29382 ||| Stepping ~*~*~tactically~*~*~ (retreating).
 29392 | Swamp:4  | Reached ****** piety under Okawaru
 29488 | Swamp:4  | 29488 ||| INVOKING Heroism.
 29489 | Swamp:4  | 29489 ||| Stepping ~*~*~tactically~*~*~ (outnumbered).
 29494 | Swamp:4  | 29494 ||| INVOKING Finesse.
 29497 | Swamp:4  | Received a gift from Okawaru
 29532 | Swamp:4  | 29532 ||| SWAPPING to +3 triple crossbow of freezing.
 29533 | Swamp:4  | 29533 ||| DROPPING +9 heavy longbow.
 29605 | Swamp:4  | 29605 ||| Stepping ~*~*~tactically~*~*~ (retreating).
 29641 | Swamp:4  | 29641 ||| INVOKING Heroism.
 29642 | Swamp:4  | 29642 ||| INVOKING Finesse.
 29688 | Swamp:4  | Got a decaying rune of Zot
 29882 | Swamp:4  | 29882 ||| PLANNING VAULTS:1-4
 29882 | Swamp:4  | 29882 ||| DROPPING +2 leather armour "Kihunep" {Str+4}.
 30132 | Vaults:1 | Entered Level 1 of the Vaults
 30149 | Vaults:1 | 30149 ||| FLEEEEING.
 30150 | Vaults:1 | 30150 ||| FLEEEEING.
 30151 | Vaults:1 | 30151 ||| FLEEEEING.
 30152 | Vaults:1 | 30152 ||| FLEEEEING.
 30153 | Vaults:1 | 30153 ||| FLEEEEING.
 30154 | Vaults:1 | 30154 ||| FLEEEEING.
 30155 | Vaults:1 | 30155 ||| FLEEEEING.
 30156 | Vaults:1 | 30156 ||| FLEEEEING.
 30157 | Vaults:1 | 30157 ||| FLEEEEING.
 30159 | Vaults:1 | 30159 ||| STAIRDANCE
 30277 | Vaults:1 | 30277 ||| FLEEEEING.
 30278 | Vaults:1 | 30278 ||| STAIRDANCE
 30384 | Vaults:1 | 30384 ||| STAIRDANCE
 30411 | Vaults:1 | 30411 ||| STAIRDANCE
 30414 | D:13     | Received a gift from Okawaru
 30419 | Vaults:1 | 30419 ||| Stepping ~*~*~tactically~*~*~ (outnumbered).
 30476 | Vaults:1 | 30476 ||| RETREATING.
 30492 | Vaults:1 | 30492 ||| RETREATING.
 30506 | Vaults:1 | 30506 ||| INVOKING Heroism.
 30835 | Vaults:1 | Found Miwijux's Weapon Shoppe.
 30847 | Vaults:1 | 30847 ||| RETREATING.
 30848 | Vaults:1 | 30848 ||| Stepping ~*~*~tactically~*~*~ (retreating).
 30851 | Vaults:1 | 30851 ||| Stepping ~*~*~tactically~*~*~ (retreating).
 30862 | Vaults:1 | Received a gift from Okawaru
 30912 | Vaults:1 | 30912 ||| Stepping ~*~*~tactically~*~*~ (retreating).
 30916 | Vaults:1 | 30916 ||| Stepping ~*~*~tactically~*~*~ (retreating).
 30919 | Vaults:1 | 30919 ||| INVOKING Heroism.
 30935 | Vaults:1 | Reached skill level 21 in Ranged Weapons
 31120 | Vaults:1 | Identified the ring of Winter {Wiz Dex+7 Stlth+}
 31331 | Vaults:1 | Identified the +4 kite shield of Niuttoef {rN++ MP-9}
                  | (Okawaru gifted it to you on level 1 of the Vaults)
 31331 | Vaults:1 | Received a gift from Okawaru
 31412 | Vaults:1 | 31412 ||| Stepping ~*~*~tactically~*~*~ (retreating).
 31413 | Vaults:1 | 31413 ||| Stepping ~*~*~tactically~*~*~ (retreating).
 31428 | Vaults:1 | 31428 ||| INVOKING Heroism.
 31502 | Vaults:1 | 31502 ||| FLEEEEING.
 31503 | Vaults:1 | 31503 ||| FLEEEEING.
 31504 | Vaults:1 | 31504 ||| FLEEEEING.
 31505 | Vaults:1 | 31505 ||| FLEEEEING.
 31506 | Vaults:1 | 31506 ||| FLEEEEING.
 31507 | Vaults:1 | 31507 ||| FLEEEEING.
 31508 | Vaults:1 | 31508 ||| FLEEEEING.
 31509 | Vaults:1 | 31509 ||| FLEEEEING.
 31510 | Vaults:1 | 31510 ||| FLEEEEING.
 31511 | Vaults:1 | 31511 ||| FLEEEEING.
 31512 | Vaults:1 | 31512 ||| FLEEEEING.
 31513 | Vaults:1 | 31513 ||| FLEEEEING.
 31514 | Vaults:1 | 31514 ||| FLEEEEING.
 31515 | Vaults:1 | 31515 ||| FLEEEEING.
 31516 | Vaults:1 | 31516 ||| FLEEEEING.
 31517 | Vaults:1 | 31517 ||| FLEEEEING.
 31518 | Vaults:1 | 31518 ||| FLEEEEING.
 31519 | Vaults:1 | 31519 ||| FLEEEEING.
 31520 | Vaults:1 | 31520 ||| FLEEEEING.
 31521 | Vaults:1 | 31521 ||| FLEEEEING.
 31522 | Vaults:1 | 31522 ||| FLEEEEING.
 31523 | Vaults:1 | 31523 ||| FLEEEEING.
 31524 | Vaults:1 | 31524 ||| FLEEEEING.
 31525 | Vaults:1 | 31525 ||| FLEEEEING.
 31526 | Vaults:1 | 31526 ||| FLEEEEING.
 31527 | Vaults:1 | 31527 ||| FLEEEEING.
 31528 | Vaults:1 | 31528 ||| FLEEEEING.
 31529 | Vaults:1 | 31529 ||| FLEEEEING.
 31530 | Vaults:1 | 31530 ||| FLEEEEING.
 31531 | Vaults:1 | 31531 ||| FLEEEEING.
 31532 | Vaults:1 | 31532 ||| FLEEEEING.
 31533 | Vaults:1 | 31533 ||| FLEEEEING.
 31534 | Vaults:1 | 31534 ||| FLEEEEING.
 31535 | Vaults:1 | 31535 ||| FLEEEEING.
 31536 | Vaults:1 | 31536 ||| FLEEEEING.
 31668 | Vaults:1 | Reached XP level 19. HP: 134/134 MP: 26/26
 31935 | Vaults:1 | 31935 ||| UPGRADING to ring of Winter {Wiz Dex+7 Stlth+}.
 31937 | Vaults:1 | 31937 ||| UPGRADING to +5 ring of evasion.
 31939 | Vaults:1 | 31939 ||| DROPPING +4 ring of protection.
 32090 | Vaults:2 | 32090 ||| INVOKING Heroism.
 32091 | Vaults:2 | 32091 ||| INVOKING Finesse.
 32092 | Vaults:2 | 32092 ||| Stepping ~*~*~tactically~*~*~ (retreating).
 32097 | Vaults:2 | 32097 ||| Stepping ~*~*~tactically~*~*~ (retreating).
 32104 | Vaults:2 | 32104 ||| RETREATING.
 32115 | Vaults:2 | 32115 ||| FLEEEEING.
 32116 | Vaults:2 | 32116 ||| FLEEEEING.
 32117 | Vaults:2 | 32117 ||| FLEEEEING.
 32118 | Vaults:2 | 32118 ||| FLEEEEING.
 32119 | Vaults:2 | 32119 ||| FLEEEEING.
 32120 | Vaults:2 | 32120 ||| FLEEEEING.
 32121 | Vaults:2 | 32121 ||| FLEEEEING.
 32122 | Vaults:2 | 32122 ||| RETREATING.
 32134 | Vaults:2 | HP: 20/134 [yaktaur captain/bolt (30)]
 32135 | Vaults:2 | 32135 ||| READING 13 scrolls of teleportation.
 32136 | Vaults:2 | 32136 ||| DRINKING 5 potions of heal wounds.
 32137 | Vaults:2 | 32137 ||| DRINKING 4 potions of heal wounds.
 32138 | Vaults:2 | 32138 ||| INVOKING Heroism.
 32439 | Vaults:2 | 32439 ||| Stepping ~*~*~tactically~*~*~ (outnumbered).
 32441 | Vaults:2 | 32441 ||| Stepping ~*~*~tactically~*~*~ (outnumbered).
 32443 | Vaults:2 | 32443 ||| Stepping ~*~*~tactically~*~*~ (outnumbered).
 32445 | Vaults:2 | 32445 ||| Stepping ~*~*~tactically~*~*~ (outnumbered).
 32447 | Vaults:2 | 32447 ||| Stepping ~*~*~tactically~*~*~ (outnumbered).
 32449 | Vaults:2 | 32449 ||| Stepping ~*~*~tactically~*~*~ (outnumbered).
 32453 | Vaults:2 | 32453 ||| Stepping ~*~*~tactically~*~*~ (outnumbered).
 32571 | Vaults:2 | 32571 ||| Stepping ~*~*~tactically~*~*~ (outnumbered).
 32585 | Vaults:2 | Reached skill level 20 in Fighting
 32605 | Vaults:2 | 32605 ||| INVOKING Heroism.
 32635 | Vaults:2 | 32635 ||| Stepping ~*~*~tactically~*~*~ (retreating).
 32765 | Vaults:2 | 32765 ||| RETREATING.
 32917 | Vaults:2 | 32917 ||| Stepping ~*~*~tactically~*~*~ (outnumbered).
 32918 | Vaults:2 | 32918 ||| Stepping ~*~*~tactically~*~*~ (outnumbered).
 32919 | Vaults:2 | 32919 ||| Stepping ~*~*~tactically~*~*~ (outnumbered).
 32921 | Vaults:2 | Identified the +8 plate armour "Qoochim" {rF++ Dex-5}
                  | (Okawaru gifted it to you on level 2 of the Vaults)
 32921 | Vaults:2 | Received a gift from Okawaru
 32931 | Vaults:2 | 32931 ||| INVOKING Heroism.
 33057 | Vaults:2 | 33057 ||| RETREATING.
 33328 | Vaults:2 | Found a staircase to the Crypt.
 33427 | Vaults:2 | Identified the +3 robe "Zamuwnac" {Will+ Regen+ Str+3}
 33606 | Vaults:2 | 33606 ||| RETREATING.
 34007 | Vaults:2 | 34007 ||| UPGRADING to +3 robe "Zamuwnac" {Will+ Regen+
                  | Str+3}.
 34017 | Vaults:2 | 34017 ||| DROPPING +0 troll leather armour.
 34064 | Vaults:3 | Noticed Xtahua
 34065 | Vaults:3 | 34065 ||| DRINKING 2 potions of resistance.
 34070 | Vaults:3 | 34070 ||| STAIRDANCE
 34072 | Vaults:2 | 34072 ||| Stepping ~*~*~tactically~*~*~ (retreating).
 34073 | Vaults:2 | 34073 ||| Stepping ~*~*~tactically~*~*~ (retreating).
 34074 | Vaults:2 | 34074 ||| Stepping ~*~*~tactically~*~*~ (retreating).
 34075 | Vaults:2 | 34075 ||| Stepping ~*~*~tactically~*~*~ (retreating).
 34076 | Vaults:2 | 34076 ||| Stepping ~*~*~tactically~*~*~ (retreating).
 34077 | Vaults:2 | 34077 ||| Stepping ~*~*~tactically~*~*~ (retreating).
 34078 | Vaults:2 | 34078 ||| Stepping ~*~*~tactically~*~*~ (retreating).
 34079 | Vaults:2 | 34079 ||| Stepping ~*~*~tactically~*~*~ (retreating).
 34080 | Vaults:2 | 34080 ||| Stepping ~*~*~tactically~*~*~ (retreating).
 34081 | Vaults:2 | 34081 ||| Stepping ~*~*~tactically~*~*~ (retreating).
 34117 | Vaults:3 | 34117 ||| STAIRDANCE
 34139 | Vaults:3 | 34139 ||| DRINKING potion of resistance.
 34141 | Vaults:3 | 34141 ||| STAIRDANCE
 34147 | Vaults:2 | 34147 ||| INVOKING Heroism.
 34149 | Vaults:2 | Killed Xtahua
 34149 | Vaults:2 | Identified the +0 buckler of Okawaru's Approval {*Slow Fly
                  | rF++} (Okawaru gifted it to you on level 2 of the Vaults)
 34149 | Vaults:2 | Received a gift from Okawaru
 34284 | Vaults:3 | 34284 ||| Stepping ~*~*~tactically~*~*~ (outnumbered).
 34286 | Vaults:3 | 34286 ||| Stepping ~*~*~tactically~*~*~ (outnumbered).
 34288 | Vaults:3 | 34288 ||| Stepping ~*~*~tactically~*~*~ (outnumbered).
 34305 | Vaults:3 | 34305 ||| INVOKING Heroism.
 34310 | Vaults:3 | 34310 ||| INVOKING Finesse.
 34345 | Vaults:3 | 34345 ||| Stepping ~*~*~tactically~*~*~ (outnumbered).
 34347 | Vaults:3 | 34347 ||| Stepping ~*~*~tactically~*~*~ (outnumbered).
 34350 | Vaults:3 | 34350 ||| Stepping ~*~*~tactically~*~*~ (outnumbered).
 34360 | Vaults:3 | 34360 ||| INVOKING Heroism.
 34365 | Vaults:3 | 34365 ||| INVOKING Finesse.
 34421 | Vaults:3 | 34421 ||| RETREATING.
 34525 | Vaults:3 | Found a large runed translucent door.
 34525 | Vaults:3 | Found a large runed translucent door.
 34526 | Vaults:3 | Noticed qw's ghost (adept GrHu)
 34575 | Vaults:3 | 34575 ||| RETREATING.
 34595 | Vaults:3 | Reached XP level 20. HP: 140/140 MP: 27/27
 34597 | Vaults:3 | Reached skill level 15 in Dodging
 34685 | Vaults:3 | 34685 ||| RETREATING.
 34789 | Vaults:3 | 34789 ||| RETREATING.
 34877 | Vaults:3 | 34877 ||| RETREATING.
 34887 | Vaults:3 | 34887 ||| Stepping ~*~*~tactically~*~*~ (retreating).
 34953 | Vaults:3 | 34953 ||| RETREATING.
 35039 | Vaults:3 | 35039 ||| RETREATING.
 35041 | Vaults:3 | 35041 ||| FLEEEEING.
 35062 | Vaults:3 | 35062 ||| Stepping ~*~*~tactically~*~*~ (retreating).
 35063 | Vaults:3 | 35063 ||| Stepping ~*~*~tactically~*~*~ (retreating).
 35064 | Vaults:3 | 35064 ||| Stepping ~*~*~tactically~*~*~ (retreating).
 35065 | Vaults:3 | 35065 ||| Stepping ~*~*~tactically~*~*~ (retreating).
 35066 | Vaults:3 | 35066 ||| Stepping ~*~*~tactically~*~*~ (retreating).
 35067 | Vaults:3 | 35067 ||| Stepping ~*~*~tactically~*~*~ (retreating).
 35068 | Vaults:3 | 35068 ||| Stepping ~*~*~tactically~*~*~ (retreating).
 35076 | Vaults:3 | Reached skill level 21 in Fighting
 35077 | Vaults:3 | 35077 ||| INVOKING Heroism.
 35082 | Vaults:3 | 35082 ||| Stepping ~*~*~tactically~*~*~ (retreating).
 35083 | Vaults:3 | 35083 ||| Stepping ~*~*~tactically~*~*~ (retreating).
 35084 | Vaults:3 | 35084 ||| Stepping ~*~*~tactically~*~*~ (retreating).
 35263 | Vaults:3 | 35263 ||| RETREATING.
 35270 | Vaults:3 | 35270 ||| Stepping ~*~*~tactically~*~*~ (retreating).
 35271 | Vaults:3 | 35271 ||| Stepping ~*~*~tactically~*~*~ (retreating).
 35272 | Vaults:3 | 35272 ||| Stepping ~*~*~tactically~*~*~ (retreating).
 35273 | Vaults:3 | 35273 ||| Stepping ~*~*~tactically~*~*~ (retreating).
 35274 | Vaults:3 | 35274 ||| Stepping ~*~*~tactically~*~*~ (retreating).
 35275 | Vaults:3 | 35275 ||| Stepping ~*~*~tactically~*~*~ (retreating).
 35296 | Vaults:3 | 35296 ||| INVOKING Heroism.
 35493 | Vaults:3 | 35493 ||| qw: Version: 0.3-a-76-g4403597
 35493 | Vaults:3 | 35493 ||| qw: Game counter: 1
 35493 | Vaults:3 | 35493 ||| qw: Melee chars always use a shield: true
 35493 | Vaults:3 | 35493 ||| qw: Do Orc after clearing Dungeon:15 true
 35493 | Vaults:3 | 35493 ||| qw: Do second Lair branch before Depths: true
 35493 | Vaults:3 | 35493 ||| qw: Lair rune preference: random
 35493 | Vaults:3 | 35493 ||| qw: Goals: Normal
 35493 | Vaults:3 | 35493 ||| PLANNING D:1-11
 35493 | Vaults:3 | 35493 ||| RETREATING.
 35497 | Vaults:3 | 35497 ||| INVOKING Heroism.
 35515 | Vaults:3 | 35515 ||| DROPPING ring of magical power.
 35922 | D:1      | 35922 ||| PLANNING LAIR
 36172 | Lair:5   | 36172 ||| PLANNING D:1-11
 36937 | D:11     | 36937 ||| PLANNING D
 37017 | D:15     | 37017 ||| PLANNING ORC
 37145 | Orc:2    | 37145 ||| PLANNING SNAKE:1-3
 37392 | Snake:3  | 37392 ||| PLANNING SWAMP:1-3
 37512 | Swamp:3  | 37512 ||| PLANNING SNAKE:4
 37647 | Snake:4  | Entered Level 4 of the Snake Pit
 37648 | Snake:4  | 37648 ||| STAIRDANCE
 37654 | Snake:4  | 37654 ||| STAIRDANCE
 37660 | Snake:4  | 37660 ||| STAIRDANCE
 37673 | Snake:4  | 37673 ||| Stepping ~*~*~tactically~*~*~ (retreating).
 37674 | Snake:4  | 37674 ||| Stepping ~*~*~tactically~*~*~ (retreating).
 37788 | Snake:4  | 37788 ||| READING scroll of acquirement.
 37788 | Snake:4  | 37788 ||| ACQUIRING 672 gold pieces
 37788 | Snake:4  | Acquired 672 gold pieces
 37893 | Snake:4  | Found a snail-covered altar of Cheibriados.
 37982 | Snake:4  | 37982 ||| RETREATING.
 37984 | Snake:4  | 37984 ||| Stepping ~*~*~tactically~*~*~ (retreating).
 37990 | Snake:4  | Identified the +0 chain mail of Least Resistance {Regen+
                  | Str+3 Dex-5} (Okawaru gifted it to you on level 4 of the
                  | Snake Pit)
 37990 | Snake:4  | Received a gift from Okawaru
 38008 | Snake:4  | Reached skill level 22 in Fighting
 38037 | Snake:4  | 38037 ||| Stepping ~*~*~tactically~*~*~ (outnumbered).
 38040 | Snake:4  | 38040 ||| RETREATING.
 38046 | Snake:4  | 38046 ||| Stepping ~*~*~tactically~*~*~ (retreating).
 38056 | Snake:4  | 38056 ||| Stepping ~*~*~tactically~*~*~ (outnumbered).
 38058 | Snake:4  | 38058 ||| RETREATING.
 38059 | Snake:4  | 38059 ||| FLEEEEING.
 38064 | Snake:4  | 38064 ||| Stepping ~*~*~tactically~*~*~ (outnumbered).
 38102 | Snake:4  | 38102 ||| INVOKING Heroism.
 38181 | Snake:4  | 38181 ||| RETREATING.
 38195 | Snake:4  | 38195 ||| RETREATING.
 38196 | Snake:4  | 38196 ||| Stepping ~*~*~tactically~*~*~ (outnumbered).
 38200 | Snake:4  | 38200 ||| Stepping ~*~*~tactically~*~*~ (retreating).
 38207 | Snake:4  | 38207 ||| Stepping ~*~*~tactically~*~*~ (outnumbered).
 38266 | Snake:4  | 38266 ||| Stepping ~*~*~tactically~*~*~ (outnumbered).
 38275 | Snake:4  | 38275 ||| Stepping ~*~*~tactically~*~*~ (outnumbered).
 38276 | Snake:4  | 38276 ||| Stepping ~*~*~tactically~*~*~ (outnumbered).
 38277 | Snake:4  | 38277 ||| Stepping ~*~*~tactically~*~*~ (outnumbered).
 38279 | Snake:4  | 38279 ||| Stepping ~*~*~tactically~*~*~ (outnumbered).
 38280 | Snake:4  | 38280 ||| Stepping ~*~*~tactically~*~*~ (outnumbered).
 38281 | Snake:4  | 38281 ||| Stepping ~*~*~tactically~*~*~ (outnumbered).
 38346 | Snake:4  | Got a serpentine rune of Zot
 38696 | Snake:4  | 38696 ||| PLANNING VAULTS:1-4
 39145 | Vaults:3 | 39145 ||| RETREATING.
 39146 | Vaults:3 | 39146 ||| RETREATING.
 39190 | Vaults:3 | 39190 ||| PLANNING VAULTS:1-4
 39339 | Vaults:3 | 39339 ||| RETREATING.
 39344 | Vaults:3 | 39344 ||| Stepping ~*~*~tactically~*~*~ (retreating).
 39345 | Vaults:3 | 39345 ||| Stepping ~*~*~tactically~*~*~ (retreating).
 39346 | Vaults:3 | 39346 ||| Stepping ~*~*~tactically~*~*~ (retreating).
 39347 | Vaults:3 | 39347 ||| Stepping ~*~*~tactically~*~*~ (retreating).
 39351 | Vaults:3 | 39351 ||| Stepping ~*~*~tactically~*~*~ (retreating).
 39352 | Vaults:3 | 39352 ||| Stepping ~*~*~tactically~*~*~ (retreating).
 39353 | Vaults:3 | 39353 ||| Stepping ~*~*~tactically~*~*~ (retreating).
 39362 | Vaults:3 | 39362 ||| INVOKING Finesse.
 39816 | Vaults:4 | 39816 ||| Stepping ~*~*~tactically~*~*~ (outnumbered).
 39826 | Vaults:4 | 39826 ||| Stepping ~*~*~tactically~*~*~ (retreating).
 39838 | Vaults:4 | Reached XP level 21. HP: 114/152 MP: 28/28
 39842 | Vaults:4 | 39842 ||| INVOKING Heroism.
 39920 | Vaults:4 | Identified the +0 buckler of Surprise {rElec Dex+3}
                  | (Okawaru gifted it to you on level 4 of the Vaults)
 39920 | Vaults:4 | Received a gift from Okawaru
 39942 | Vaults:4 | 39942 ||| RETREATING.
 39944 | Vaults:4 | 39944 ||| Stepping ~*~*~tactically~*~*~ (retreating).
 39954 | Vaults:4 | 39954 ||| Stepping ~*~*~tactically~*~*~ (outnumbered).
 39983 | Vaults:4 | 39983 ||| INVOKING Finesse.
 40054 | Vaults:4 | 40054 ||| FLEEEEING.
 40055 | Vaults:4 | 40055 ||| FLEEEEING.
 40056 | Vaults:4 | 40056 ||| FLEEEEING.
 40057 | Vaults:4 | 40057 ||| RETREATING.
 40142 | Vaults:4 | 40142 ||| INVOKING Heroism.
 40143 | Vaults:4 | 40143 ||| INVOKING Finesse.
 40187 | Vaults:4 | 40187 ||| RETREATING.
 40225 | Vaults:4 | 40225 ||| RETREATING.
 40377 | Vaults:4 | 40377 ||| RETREATING.
 40387 | Vaults:4 | 40387 ||| RETREATING.
 40436 | Vaults:4 | 40436 ||| RETREATING.
 40484 | Vaults:4 | 40484 ||| RETREATING.
 40532 | Vaults:4 | 40532 ||| RETREATING.
 40580 | Vaults:4 | 40580 ||| RETREATING.
 40628 | Vaults:4 | 40628 ||| RETREATING.
 40676 | Vaults:4 | 40676 ||| RETREATING.
 40724 | Vaults:4 | 40724 ||| RETREATING.
 40772 | Vaults:4 | 40772 ||| RETREATING.
 41015 | Vaults:4 | Found a transporter.
 41017 | Vaults:4 | Noticed qw's ghost (veteran GrFi)
 41036 | Vaults:4 | Found a transporter.
 41146 | Vaults:4 | 41146 ||| Stepping ~*~*~tactically~*~*~ (outnumbered).
 41209 | Vaults:4 | 41209 ||| FLEEEEING.
 41210 | Vaults:4 | 41210 ||| FLEEEEING.
 41252 | Vaults:4 | Received a gift from Okawaru
 41253 | Vaults:4 | Reached skill level 23 in Fighting
 41317 | Vaults:4 | 41317 ||| Stepping ~*~*~tactically~*~*~ (outnumbered).
 41320 | Vaults:4 | 41320 ||| Stepping ~*~*~tactically~*~*~ (outnumbered).
 41323 | Vaults:4 | 41323 ||| Stepping ~*~*~tactically~*~*~ (outnumbered).
 41344 | Vaults:4 | 41344 ||| Stepping ~*~*~tactically~*~*~ (outnumbered).
 41348 | Vaults:4 | 41348 ||| Stepping ~*~*~tactically~*~*~ (outnumbered).
 41534 | Vaults:4 | 41534 ||| PLANNING SWAMP:4
 41534 | Vaults:4 | 41534 ||| DROPPING +1 animal skin.
 41906 | Swamp:4  | 41906 ||| PLANNING DEPTHS
 42192 | Depths:1 | Entered Level 1 of the Depths
 42270 | Depths:1 | Found Welotwix's Weapon Shoppe.
 42370 | Depths:1 | Found a one-way gate to the infinite horrors of the Abyss.
 42394 | Depths:1 | Found Akas's General Store.
 42402 | Depths:1 | Found a snail-covered altar of Cheibriados.
 42404 | Depths:1 | 42404 ||| BUYING scroll of enchant armour (120 gold).
 42404 | Depths:1 | Bought a scroll of enchant armour for 120 gold pieces
 42437 | Depths:1 | 42437 ||| RETREATING.
 42439 | Depths:1 | 42439 ||| Stepping ~*~*~tactically~*~*~ (retreating).
 42440 | Depths:1 | 42440 ||| Stepping ~*~*~tactically~*~*~ (retreating).
 42441 | Depths:1 | 42441 ||| Stepping ~*~*~tactically~*~*~ (retreating).
 42559 | Depths:1 | Found a one-way gate leading to the halls of Pandemonium.
 42639 | Depths:1 | Found Laoseac's General Store.
 42655 | Depths:1 | 42655 ||| BUYING potion of curing (54 gold).
 42655 | Depths:1 | Bought a potion of curing for 54 gold pieces
 42655 | Depths:1 | 42655 ||| BUYING potion of haste (180 gold).
 42655 | Depths:1 | Bought a potion of haste for 180 gold pieces
 42752 | Depths:1 | Found a glowing silver altar of Zin.
 42752 | Depths:1 | Found a glowing golden altar of the Shining One.
 42753 | Depths:1 | Found a white marble altar of Elyvilon.
 42818 | Depths:1 | Found a gateway to Hell.
 42965 | Depths:1 | Found Rijuliso's Jewellery Boutique.
 43013 | Depths:1 | 43013 ||| RETREATING.
 43015 | Depths:1 | 43015 ||| INVOKING Heroism.
 43021 | Depths:1 | 43021 ||| Stepping ~*~*~tactically~*~*~ (retreating).
 43022 | Depths:1 | 43022 ||| Stepping ~*~*~tactically~*~*~ (retreating).
 43023 | Depths:1 | 43023 ||| Stepping ~*~*~tactically~*~*~ (retreating).
 43025 | Depths:1 | 43025 ||| Stepping ~*~*~tactically~*~*~ (outnumbered).
 43240 | Depths:1 | 43240 ||| DROPPING +3 leather armour.
 43301 | Depths:2 | 43301 ||| INVOKING Heroism.
 43302 | Depths:2 | 43302 ||| INVOKING Finesse.
 43415 | Depths:2 | 43415 ||| Stepping ~*~*~tactically~*~*~ (retreating).
 43424 | Depths:2 | 43424 ||| INVOKING Finesse.
 43431 | Depths:2 | 43431 ||| Stepping ~*~*~tactically~*~*~ (retreating).
 43432 | Depths:2 | 43432 ||| Stepping ~*~*~tactically~*~*~ (retreating).
 43459 | Depths:2 | 43459 ||| INVOKING Heroism.
 43475 | Depths:2 | Reached skill level 18 in Dodging
 43478 | Depths:2 | 43478 ||| Stepping ~*~*~tactically~*~*~ (retreating).
 43479 | Depths:2 | 43479 ||| Stepping ~*~*~tactically~*~*~ (retreating).
 43528 | Depths:2 | 43528 ||| Stepping ~*~*~tactically~*~*~ (cloud).
 43559 | Depths:2 | 43559 ||| INVOKING Finesse.
 43575 | Depths:2 | Received a gift from Okawaru
 43584 | Depths:2 | 43584 ||| Stepping ~*~*~tactically~*~*~ (outnumbered).
 43593 | Depths:2 | 43593 ||| Stepping ~*~*~tactically~*~*~ (retreating).
 43599 | Depths:2 | 43599 ||| Stepping ~*~*~tactically~*~*~ (retreating).
 43600 | Depths:2 | 43600 ||| Stepping ~*~*~tactically~*~*~ (retreating).
 43601 | Depths:2 | 43601 ||| Stepping ~*~*~tactically~*~*~ (retreating).
 43602 | Depths:2 | 43602 ||| Stepping ~*~*~tactically~*~*~ (retreating).
 43605 | Depths:2 | 43605 ||| Stepping ~*~*~tactically~*~*~ (retreating).
 43606 | Depths:2 | 43606 ||| INVOKING Finesse.
 43607 | Depths:2 | 43607 ||| Stepping ~*~*~tactically~*~*~ (retreating).
 43608 | Depths:2 | 43608 ||| Stepping ~*~*~tactically~*~*~ (retreating).
 43612 | Depths:2 | 43612 ||| Stepping ~*~*~tactically~*~*~ (retreating).
 43625 | Depths:2 | 43625 ||| INVOKING Heroism.
 43647 | Depths:2 | Reached XP level 22. HP: 48/160 MP: 26/29
 43648 | Depths:2 | HP: 30/160 [deep troll shaman simulacrum (16)]
 43649 | Depths:2 | 43649 ||| READING 15 scrolls of teleportation.
 43649 | Depths:2 | HP: 8/160 [iron troll (12)]
 43650 | Depths:2 | 43650 ||| DRINKING 5 potions of heal wounds.
 43651 | Depths:2 | 43651 ||| DRINKING 4 potions of heal wounds.
 43652 | Depths:2 | 43652 ||| DRINKING 3 potions of heal wounds.
 43681 | Depths:2 | 43681 ||| INVOKING Heroism.
 43717 | Depths:2 | 43717 ||| INVOKING Heroism.
 43771 | Depths:2 | 43771 ||| RETREATING.
 43788 | Depths:2 | 43788 ||| Stepping ~*~*~tactically~*~*~ (retreating).
 43892 | Depths:2 | 43892 ||| Stepping ~*~*~tactically~*~*~ (retreating).
 44247 | Depths:2 | Reached skill level 24 in Fighting
 44384 | Depths:3 | 44384 ||| INVOKING Finesse.
 44385 | Depths:3 | 44385 ||| RETREATING.
 44387 | Depths:3 | 44387 ||| RETREATING.
 44388 | Depths:3 | 44388 ||| Stepping ~*~*~tactically~*~*~ (retreating).
 44389 | Depths:3 | 44389 ||| STAIRDANCE
 44411 | Depths:3 | 44411 ||| STAIRDANCE
 44426 | Depths:3 | 44426 ||| STAIRDANCE
 44561 | Depths:3 | Found a glowing silver altar of Zin.
 44562 | Depths:3 | Found Zin's Purification Station.
 44569 | Depths:3 | 44569 ||| BUYING 2 potions of curing (180 gold).
 44569 | Depths:3 | Bought 2 potions of curing for 180 gold pieces
 44631 | Depths:3 | Found a corrupted altar of Lugonu.
 44641 | Depths:3 | 44641 ||| RETREATING.
 44652 | Depths:3 | 44652 ||| Stepping ~*~*~tactically~*~*~ (retreating).
 44654 | Depths:3 | 44654 ||| Stepping ~*~*~tactically~*~*~ (retreating).
 44655 | Depths:3 | 44655 ||| Stepping ~*~*~tactically~*~*~ (retreating).
 44656 | Depths:3 | 44656 ||| Stepping ~*~*~tactically~*~*~ (retreating).
 44657 | Depths:3 | 44657 ||| Stepping ~*~*~tactically~*~*~ (retreating).
 44658 | Depths:3 | 44658 ||| Stepping ~*~*~tactically~*~*~ (retreating).
 44659 | Depths:3 | 44659 ||| Stepping ~*~*~tactically~*~*~ (retreating).
 44936 | Depths:3 | 44936 ||| READING scroll of brand weapon.
 44936 | Depths:3 | 44936 ||| BRANDING +3 triple crossbow of freezing.
 45089 | Depths:3 | 45089 ||| INVOKING Finesse.
 45119 | Depths:3 | Noticed a golden dragon
 45128 | Depths:3 | 45128 ||| INVOKING Heroism.
 45130 | Depths:3 | Received a gift from Okawaru
 45148 | Depths:3 | Received a gift from Okawaru
 45177 | Depths:3 | 45177 ||| INVOKING Heroism.
 45178 | Depths:3 | 45178 ||| INVOKING Finesse.
 45195 | Depths:3 | Reached skill level 25 in Fighting
 45235 | Depths:3 | 45235 ||| INVOKING Heroism.
 45236 | Depths:3 | 45236 ||| INVOKING Finesse.
 45275 | Depths:3 | 45275 ||| INVOKING Heroism.
 45277 | Depths:3 | 45277 ||| INVOKING Finesse.
 45278 | Depths:3 | Killed a golden dragon
 45389 | Depths:3 | 45389 ||| DROPPING +4 ring mail.
 45449 | Depths:4 | Entered Level 4 of the Depths
 45449 | Depths:4 | Noticed a golden dragon
 45450 | Depths:4 | 45450 ||| INVOKING Heroism.
 45452 | Depths:4 | 45452 ||| STAIRDANCE
 45465 | Depths:4 | 45465 ||| STAIRDANCE
 45486 | Depths:4 | 45486 ||| STAIRDANCE
 45498 | Depths:4 | 45498 ||| STAIRDANCE
 45507 | Depths:4 | 45507 ||| STAIRDANCE
 45509 | Depths:3 | 45509 ||| INVOKING Heroism.
 45510 | Depths:3 | Killed a golden dragon
 45635 | Depths:4 | Found a one-way gateway to a ziggurat.
 45638 | Depths:4 | 45638 ||| RETREATING.
 45647 | Depths:4 | 45647 ||| INVOKING Heroism.
 45681 | Depths:4 | 45681 ||| Stepping ~*~*~tactically~*~*~ (retreating).
 45686 | Depths:4 | 45686 ||| Stepping ~*~*~tactically~*~*~ (retreating).
 45687 | Depths:4 | 45687 ||| Stepping ~*~*~tactically~*~*~ (retreating).
 45746 | Depths:4 | Noticed a caustic shrike
 45747 | Depths:4 | 45747 ||| INVOKING Heroism.
 45748 | Depths:4 | Noticed a caustic shrike
 45748 | Depths:4 | Noticed a caustic shrike
 45749 | Depths:4 | 45749 ||| Stepping ~*~*~tactically~*~*~ (retreating).
 45750 | Depths:4 | 45750 ||| Stepping ~*~*~tactically~*~*~ (retreating).
 45751 | Depths:4 | 45751 ||| Stepping ~*~*~tactically~*~*~ (retreating).
 45752 | Depths:4 | 45752 ||| Stepping ~*~*~tactically~*~*~ (retreating).
 45753 | Depths:4 | 45753 ||| Stepping ~*~*~tactically~*~*~ (retreating).
 45755 | Depths:4 | Noticed a caustic shrike
 45757 | Depths:4 | Killed a caustic shrike
 45758 | Depths:4 | Killed a caustic shrike
 45758 | Depths:4 | Noticed a caustic shrike
 45763 | Depths:4 | Killed a caustic shrike
 45768 | Depths:4 | Killed a caustic shrike
 45771 | Depths:4 | Killed a caustic shrike
 45828 | Depths:4 | 45828 ||| RETREATING.
 45838 | Depths:4 | 45838 ||| Stepping ~*~*~tactically~*~*~ (retreating).
 45839 | Depths:4 | 45839 ||| Stepping ~*~*~tactically~*~*~ (retreating).
 45866 | Depths:4 | 45866 ||| INVOKING Heroism.
 46006 | Depths:4 | Found Mabehez's Book Shop.
 46006 | Depths:4 | Found Kuoruhip's Jewellery Shoppe.
 46007 | Depths:4 | Found Syjor's Book Shop.
 46043 | Depths:4 | 46043 ||| RETREATING.
 46043 | Depths:4 | Found a gate to the Realm of Zot.
 46045 | Depths:4 | Noticed a golden dragon
 46046 | Depths:4 | 46046 ||| INVOKING Heroism.
 46048 | Depths:4 | 46048 ||| Stepping ~*~*~tactically~*~*~ (retreating).
 46049 | Depths:4 | 46049 ||| Stepping ~*~*~tactically~*~*~ (retreating).
 46050 | Depths:4 | 46050 ||| Stepping ~*~*~tactically~*~*~ (retreating).
 46051 | Depths:4 | Received a gift from Okawaru
 46055 | Depths:4 | 46055 ||| Stepping ~*~*~tactically~*~*~ (retreating).
 46056 | Depths:4 | 46056 ||| Stepping ~*~*~tactically~*~*~ (retreating).
 46058 | Depths:4 | 46058 ||| Stepping ~*~*~tactically~*~*~ (outnumbered).
 46063 | Depths:4 | 46063 ||| Stepping ~*~*~tactically~*~*~ (retreating).
 46064 | Depths:4 | 46064 ||| Stepping ~*~*~tactically~*~*~ (retreating).
 46065 | Depths:4 | 46065 ||| Stepping ~*~*~tactically~*~*~ (retreating).
 46066 | Depths:4 | 46066 ||| Stepping ~*~*~tactically~*~*~ (retreating).
 46067 | Depths:4 | 46067 ||| Stepping ~*~*~tactically~*~*~ (retreating).
 46069 | Depths:4 | 46069 ||| Stepping ~*~*~tactically~*~*~ (retreating).
 46076 | Depths:4 | 46076 ||| INVOKING Heroism.
 46080 | Depths:4 | Reached XP level 23. HP: 105/170 MP: 28/30
 46149 | Depths:4 | 46149 ||| INVOKING Heroism.
 46150 | Depths:4 | 46150 ||| RETREATING.
 46158 | Depths:4 | Killed a golden dragon
 46277 | Depths:4 | 46277 ||| Stepping ~*~*~tactically~*~*~ (outnumbered).
 46371 | Depths:4 | 46371 ||| PLANNING VAULTS:5
 46653 | Vaults:5 | Entered Level 5 of the Vaults
 46654 | Vaults:5 | 46654 ||| STAIRDANCE
 46659 | Vaults:5 | 46659 ||| STAIRDANCE
 46661 | Vaults:4 | 46661 ||| Stepping ~*~*~tactically~*~*~ (retreating).
 46662 | Vaults:4 | 46662 ||| Stepping ~*~*~tactically~*~*~ (retreating).
 46663 | Vaults:4 | 46663 ||| Stepping ~*~*~tactically~*~*~ (retreating).
 46664 | Vaults:4 | 46664 ||| INVOKING Heroism.
 46733 | Vaults:5 | 46733 ||| STAIRDANCE
 46734 | Vaults:5 | 46734 ||| INVOKING Heroism.
 46737 | Vaults:5 | 46737 ||| STAIRDANCE
 46748 | Vaults:4 | 46748 ||| Stepping ~*~*~tactically~*~*~ (retreating).
 46749 | Vaults:4 | 46749 ||| Stepping ~*~*~tactically~*~*~ (retreating).
 46750 | Vaults:4 | 46750 ||| Stepping ~*~*~tactically~*~*~ (retreating).
 46761 | Vaults:4 | 46761 ||| INVOKING Heroism.
 46862 | Vaults:5 | 46862 ||| STAIRDANCE
 46864 | Vaults:4 | 46864 ||| Stepping ~*~*~tactically~*~*~ (retreating).
 46865 | Vaults:4 | 46865 ||| Stepping ~*~*~tactically~*~*~ (retreating).
 46866 | Vaults:4 | 46866 ||| Stepping ~*~*~tactically~*~*~ (retreating).
 46870 | Vaults:4 | Reached skill level 26 in Fighting
 46923 | Vaults:5 | 46923 ||| STAIRDANCE
 46964 | Vaults:5 | 46964 ||| Stepping ~*~*~tactically~*~*~ (retreating).
 46965 | Vaults:5 | 46965 ||| Stepping ~*~*~tactically~*~*~ (retreating).
 46966 | Vaults:5 | 46966 ||| Stepping ~*~*~tactically~*~*~ (retreating).
 46967 | Vaults:5 | 46967 ||| Stepping ~*~*~tactically~*~*~ (retreating).
 46968 | Vaults:5 | 46968 ||| Stepping ~*~*~tactically~*~*~ (retreating).
 46969 | Vaults:5 | 46969 ||| Stepping ~*~*~tactically~*~*~ (retreating).
 46970 | Vaults:5 | 46970 ||| Stepping ~*~*~tactically~*~*~ (outnumbered).
 46973 | Vaults:5 | 46973 ||| Stepping ~*~*~tactically~*~*~ (retreating).
 46979 | Vaults:5 | 46979 ||| Stepping ~*~*~tactically~*~*~ (retreating).
 46981 | Vaults:5 | 46981 ||| Stepping ~*~*~tactically~*~*~ (retreating).
 46982 | Vaults:5 | 46982 ||| Stepping ~*~*~tactically~*~*~ (retreating).
 46983 | Vaults:5 | 46983 ||| Stepping ~*~*~tactically~*~*~ (retreating).
 46984 | Vaults:5 | 46984 ||| Stepping ~*~*~tactically~*~*~ (retreating).
 46985 | Vaults:5 | 46985 ||| Stepping ~*~*~tactically~*~*~ (retreating).
 46986 | Vaults:5 | 46986 ||| Stepping ~*~*~tactically~*~*~ (retreating).
 46988 | Vaults:5 | 46988 ||| INVOKING Heroism.
 46990 | Vaults:5 | 46990 ||| Stepping ~*~*~tactically~*~*~ (retreating).
 46992 | Vaults:5 | 46992 ||| Stepping ~*~*~tactically~*~*~ (outnumbered).
 46993 | Vaults:5 | 46993 ||| Stepping ~*~*~tactically~*~*~ (outnumbered).
 46994 | Vaults:5 | 46994 ||| Stepping ~*~*~tactically~*~*~ (retreating).
 47043 | Vaults:5 | 47043 ||| INVOKING Heroism.
 47047 | Vaults:5 | 47047 ||| INVOKING Finesse.
 47051 | Vaults:5 | 47051 ||| Stepping ~*~*~tactically~*~*~ (retreating).
 47052 | Vaults:5 | 47052 ||| Stepping ~*~*~tactically~*~*~ (retreating).
 47053 | Vaults:5 | 47053 ||| Stepping ~*~*~tactically~*~*~ (retreating).
 47054 | Vaults:5 | 47054 ||| Stepping ~*~*~tactically~*~*~ (retreating).
 47055 | Vaults:5 | 47055 ||| RETREATING.
 47139 | Vaults:5 | 47139 ||| READING scroll of acquirement.
 47139 | Vaults:5 | 47139 ||| ACQUIRING 1007 gold pieces
 47139 | Vaults:5 | Acquired 1007 gold pieces
 47187 | Vaults:5 | 47187 ||| INVOKING Heroism.
 47202 | Vaults:5 | 47202 ||| RETREATING.
 47305 | Vaults:5 | 47305 ||| INVOKING Heroism.
 47306 | Vaults:5 | 47306 ||| INVOKING Finesse.
 47485 | Vaults:5 | Noticed a golden dragon
 47486 | Vaults:5 | 47486 ||| Stepping ~*~*~tactically~*~*~ (outnumbered).
 47488 | Vaults:5 | 47488 ||| INVOKING Heroism.
 47493 | Vaults:5 | Killed a golden dragon
 47541 | Vaults:5 | 47541 ||| Stepping ~*~*~tactically~*~*~ (outnumbered).
 47556 | Vaults:5 | 47556 ||| INVOKING Heroism.
 47557 | Vaults:5 | 47557 ||| INVOKING Finesse.
 47559 | Vaults:5 | 47559 ||| INVOKING Finesse.
 47624 | Vaults:5 | 47624 ||| Stepping ~*~*~tactically~*~*~ (outnumbered).
 47627 | Vaults:5 | 47627 ||| Stepping ~*~*~tactically~*~*~ (outnumbered).
 47628 | Vaults:5 | 47628 ||| INVOKING Heroism.
 47629 | Vaults:5 | 47629 ||| Stepping ~*~*~tactically~*~*~ (outnumbered).
 47673 | Vaults:5 | Noticed Mennas
 47674 | Vaults:5 | 47674 ||| INVOKING Heroism.
 47676 | Vaults:5 | 47676 ||| RETREATING.
 47683 | Vaults:5 | Killed Mennas
 47811 | Vaults:5 | 47811 ||| INVOKING Heroism.
 47835 | Vaults:5 | 47835 ||| INVOKING Finesse.
 47883 | Vaults:5 | 47883 ||| INVOKING Heroism.
 47884 | Vaults:5 | 47884 ||| Stepping ~*~*~tactically~*~*~ (outnumbered).
 47885 | Vaults:5 | 47885 ||| RETREATING.
 47898 | Vaults:5 | 47898 ||| Stepping ~*~*~tactically~*~*~ (retreating).
 47947 | Vaults:5 | 47947 ||| INVOKING Heroism.
 47966 | Vaults:5 | 47966 ||| Stepping ~*~*~tactically~*~*~ (retreating).
 48009 | Vaults:5 | 48009 ||| READING scroll of enchant weapon.
 48009 | Vaults:5 | 48009 ||| ENCHANTING +3 heavy triple crossbow.
 48033 | Vaults:5 | Identified the +7 plate armour "Ikaof" {Int+3}
 48042 | Vaults:5 | 48042 ||| INVOKING Heroism.
 48186 | Vaults:5 | 48186 ||| INVOKING Heroism.
 48194 | Vaults:5 | Reached XP level 24. HP: 180/180 MP: 30/30
 48197 | Vaults:5 | Identified the +10 plate armour "Atzaoc" {rN+}
 48231 | Vaults:5 | Identified the staff "Eggim" {rF+ Dex+3 Fire}
 48383 | Vaults:5 | Identified the staff "Lexatas" {Fly Int-2 Conj Necro}
 48388 | Vaults:5 | Got a silver rune of Zot
 48390 | Vaults:5 | Identified the +7 scale mail of Dicsuvean {rC+ Will++
                  | Str-5}
 48392 | Vaults:5 | Identified the +5 short sword "Niazej" {vamp, Int+2 Dex+4
                  | SInv Stlth+}
 48395 | Vaults:5 | Identified the +1 long sword of qw's Dismemberment
                  | {antimagic, +Blink rN+ Will++ rCorr}
 48450 | Vaults:5 | 48450 ||| INVOKING Heroism.
 48519 | Vaults:5 | 48519 ||| PLANNING SHOPPING SPREE
 48519 | Vaults:5 | 48519 ||| DROPPING +0 ring mail of poison resistance.
 48520 | Vaults:5 | 48520 ||| UPGRADING to +6 ring of dexterity.
 48522 | Vaults:5 | 48522 ||| DROPPING ring of protection from fire.
 48523 | Vaults:5 | 48523 ||| DROPPING ring of protection from cold.
 48524 | Vaults:5 | 48524 ||| DROPPING +5 ring of evasion.
 48525 | Vaults:5 | 48525 ||| READING 34 scrolls of identify.
 48525 | Vaults:5 | 48525 ||| IDENTIFYING fuming blue potion
 48526 | Vaults:5 | 48526 ||| DROPPING potion of invisibility.
 48785 | Orc:2    | 48785 ||| BUYING potion of mutation (224 gold).
 48785 | Orc:2    | Bought a potion of mutation for 224 gold pieces
 48844 | Orc:2    | 48844 ||| BUYING 2 scrolls of brand weapon (703 gold).
 48844 | Orc:2    | Bought 2 scrolls of brand weapon for 703 gold pieces
 48844 | Orc:2    | 48844 ||| BUYING scroll of acquirement (1924 gold).
 48844 | Orc:2    | Bought a scroll of acquirement for 1924 gold pieces
 48844 | Orc:2    | 48844 ||| BUYING scroll of enchant weapon (277 gold).
 48844 | Orc:2    | Bought a scroll of enchant weapon for 277 gold pieces
 48844 | Orc:2    | 48844 ||| READING scroll of acquirement.
 48844 | Orc:2    | 48844 ||| ACQUIRING amulet of the Scavenger {Spirit Str+3
                  | SInv}
 48844 | Orc:2    | Acquired the amulet of the Scavenger {Spirit Str+3 SInv}
 48846 | Orc:2    | 48846 ||| READING scroll of enchant weapon.
 48846 | Orc:2    | 48846 ||| ENCHANTING +4 heavy triple crossbow.
 48847 | Orc:2    | 48847 ||| CLEARING SHOPPING LIST
 48847 | Orc:2    | 48847 ||| PLANNING ZOT:1-4
 49129 | Zot:1    | Entered Level 1 of the Realm of Zot
 49179 | Zot:1    | Noticed an orb of fire
 49179 | Zot:1    | Gained mutation: You do not regenerate when monsters are
                  | visible. [an orb of fire]
 49180 | Zot:1    | 49180 ||| DRINKING 2 potions of resistance.
 49181 | Zot:1    | 49181 ||| INVOKING Heroism.
 49181 | Zot:1    | Gained mutation: You are weak. (Str -2) [an orb of fire]
 49183 | Zot:1    | 49183 ||| Stepping ~*~*~tactically~*~*~ (outnumbered).
 49184 | Zot:1    | 49184 ||| Stepping ~*~*~tactically~*~*~ (retreating).
 49185 | Zot:1    | 49185 ||| RETREATING.
 49187 | Zot:1    | Gained mutation: You occasionally lose the ability to read
                  | scrolls when taking damage. [an orb of fire]
 49190 | Zot:1    | Gained mutation: Your magical capacity is low. (-10% MP)
                  | [an orb of fire]
 49191 | Zot:1    | Killed an orb of fire
 49196 | Zot:1    | 49196 ||| Stepping ~*~*~tactically~*~*~ (retreating).
 49197 | Zot:1    | 49197 ||| Stepping ~*~*~tactically~*~*~ (retreating).
 49199 | Zot:1    | 49199 ||| RETREATING.
 49205 | Zot:1    | 49205 ||| RETREATING.
 49212 | Zot:1    | 49212 ||| INVOKING Heroism.
 49216 | Zot:1    | HP: 45/180 [purple draconian shifter/bolt of dispelling
                  | energy[a red draconian scorcher] (21)]
 49217 | Zot:1    | 49217 ||| READING 19 scrolls of teleportation.
 49218 | Zot:1    | 49218 ||| DRINKING 2 potions of heal wounds.
 49223 | Zot:1    | Noticed an orb of fire
 49224 | Zot:1    | 49224 ||| DRINKING potion of resistance.
 49225 | Zot:1    | 49225 ||| INVOKING Finesse.
 49229 | Zot:1    | Gained mutation: You sometimes lose the ability to read
                  | scrolls when taking damage. [an orb of fire]
 49229 | Zot:1    | Gained mutation: You have hidden genetic defects. [an orb
                  | of fire]
 49230 | Zot:1    | HP: 29/180 [death cob (21)]
 49231 | Zot:1    | 49231 ||| READING 18 scrolls of teleportation.
 49231 | Zot:1    | HP: 14/180 [something (10)]
 49232 | Zot:1    | 49232 ||| DRINKING potion of heal wounds.
 49233 | Zot:1    | Killed an orb of fire
 49233 | Zot:1    | Killed from afar by a yellow draconian annihilator

Levels and vault maps discovered:
D:1:      dpeg_chamrin_arrival_tetris, layout_basic
D:2:      layout_loops_ring
D:3:      layout_rooms, portal_sewer_entry_b, solitary_fountain, uniq_ijyb,
          uniq_crazy_yiuf_cottage
D:4:      layout_rooms, biasface_ghost_orc_armoury, grunt_decor_one_mirror
D:5:      minmay_chambers_of_fours, layout_basic,
          minmay_temple_entry_purple_smoke, hangedman_decor_slide_cut
D:6:      layout_gridville, ebering_ghost_reflecting_pool, uniq_grinder,
          uniq_blork_the_orc
D:7:      layout_basic, kennysheep_little_box, gammafunk_temple_overflow_pools,
          kennysheep_generic_room_10
D:8:      layout_gridville, xom_teletrap_fun,
          gammafunk_temple_overflow_forgotten, david_lair_generic,
          enter_bailey_7, minmay_fractal_squares_5, uniq_joseph
D:9:      layout_gridville, minmay_liquid_box, nicolae_rank_and_phial
D:10:     layout_long_grid, bloody_makhleb, orc_0_dummy,
          minmay_protected_statue, uniq_sonja, uniq_erolcha
D:11:     gammafunk_jiyva_shrine, layout_stronghold, serial_shops,
          nicolae_shop_real_fake_doors, shop, nicolae_shop_just_a_little_nook,
          nicolae_shop_trees, uniq_erica, uniq_nergalle
D:12:     layout_long_grid, uniq_maurice, uniq_frances
D:13:     layout_rooms, hellmonk_vaults_order_and_chaos, uniq_rupert
D:14:     layout_rooms, uniq_lodul, uniq_kirke
D:15:     hangedman_depths_entry_try_elsewhere_first, layout_basic,
          serial_shops, nicolae_shop_behind_doors, nicolae_shop_statue_plus,
          uniq_roxanne
Temple:   nicolae_temple_superstar
Lair:1:   layout_misc_corridors, dreamdust_mushroom_princess, uniq_gastronok
Lair:2:   layout_cave_pods, minmay_swamp_entry_swarm,
          minmay_snake_entry_six_corridors
Lair:3:   nzn_winding_woodlands_large [nzn_winding_woodlands_5x5_closed_star,
          nzn_winding_woodlands_5x15_lazy_stream,
          nzn_winding_woodlands_5x5_open_star,
          nzn_winding_woodlands_center_diamonds,
          nzn_winding_woodlands_15x15_five_gardens,
          nzn_winding_woodlands_center_triple_pond,
          nzn_winding_woodlands_5x5_checkerboard,
          nzn_winding_woodlands_5x15_pool, nzn_winding_woodlands_5x5_default],
          layout_cave_shapes, serial_bayou_lake_a
Lair:4:   layout_loops_ring, slime_entry_2, gammafunk_ghost_wrathful_warriors
Lair:5:   grunt_lair_end_beastmaster, layout_loops_ring, grunt_megastairs_4,
          infiniplex_staircase_pool_2, serial_bayou_shore_a
Swamp:1:  layout_falls_marsh, nicolae_swamp_small_spring, swamp_pool1,
          infiniplex_staircase_pool, uniq_louise
Swamp:2:  layout_falls_marsh, evilmike_swamp_ruin_house_5
Swamp:3:  layout_basic_swamp, evilmike_swamp_ruin_house_4,
          beargit_elvish_explorers, uniq_mlioglotl, uniq_mara
Swamp:4:  swamp_basic_johnstein, layout_basic_swamp
Snake:1:  layout_misc_corridors, serial_shops, nicolae_shop_tiny_waterfront,
          grunt_ministairs_8, uniq_donald, uniq_azrael
Snake:2:  layout_onion, uniq_aizul
Snake:3:  layout_layer_cave, gammafunk_ghost_arena
Snake:4:  johnstein_snake_rune_scales, layout_basic, basic_altar
Orc:1:    layout_caves, portal_ice_cave_entry_pillars_1, minmay_orc_keep,
          uniq_harold
Orc:2:    pubby_orc_utopia
Vaults:1: vaults_room_large_hall, nicolae_vaults_tetromino_L_1,
          nicolae_vaults_storage_closets_1, v_misc_26, hangedman_vaults_locks,
          nicolae_vaults_circle_grid_b, nicolae_vaults_closet_pinwheel_4,
          nicolae_vaults_apartment_1, hangedman_vaults_stagger,
          nicolae_vaults_sesquioval_fish, vaults_dpeg_ring,
          nicolae_vaults_house_1, layout_vaults_ring, serial_shops, shop
Vaults:2: hangedman_vaults_capsules, nicolae_vaults_storage_closets_3,
          v_misc_13, nicolae_vaults_storage_room_statues,
          minmay_crypt_entry_vampire_xt, grunt_vaults_swirl,
          nicolae_vaults_double_plus_2, vaults_mumra_bighexcomb,
          hangedman_vaults_slice, v_misc_26, nicolae_vaults_heart-shaped_vault,
          nicolae_vaults_tetromino_L_1, nicolae_vaults_tetromino_L_1,
          layout_vaults_chaotic_city
Vaults:3: ebering_ghost_disaster_area, nicolae_vaults_circle_grid_b,
          vaults_room_pool, nicolae_vaults_ellipses_ellipsis,
          nicolae_vaults_prndl, v_misc_26, nicolae_vaults_octothorpe,
          nicolae_vaults_six-pack, nicolae_vaults_shrinking_rooms_2,
          hangedman_vaults_river_flow, nicolae_vaults_tetromino_L_2, v_rooms_6,
          nicolae_vaults_prndl, nicolae_vaults_shock_wave,
          layout_vaults_omnibox, uniq_xtahua
Vaults:4: gammafunk_ghost_mausoleum, nicolae_vaults_more_shelving_2,
          hangedman_vaults_snaps, nicolae_vaults_closet_pinwheel_2, v_misc_18,
          v_alt_pattern_1, st_cells, nicolae_vaults_trapezoid_lopsided_3,
          vaults_standard_mumra_lines, nicolae_vaults_tetromino_T_2,
          layout_vaults_omnicross
Vaults:5: serial_shops, uniq_saint_roka, uniq_mennas
Depths:1: layout_gridville, good_gods_temple_1, hangedman_tar_grid_catacomb,
          serial_shops, shop, nicolae_shop_bloodbath_and_beyond, shop,
          nicolae_shop_stone, hangedman_abyss_entry_splay, pan_entry,
          nrook_loot_triangle, cheibriados_altar_1,
          infiniplex_staircase_pool_lava, grunt_megastairs_5,
          serial_bayou_shore_b
Depths:2: minmay_ornate_pinched, layout_gridlike, rand_demon_pan_entry_3,
          hell_entry, wad_rectangle_vault
Depths:3: kennysheep_windowed_halls, layout_cave_pools, pan_entry, hell_entry,
          abyss_entry_flame_altar, zin_purify
Depths:4: grunt_crosshair, layout_basic, enter_ziggurat_a,
          kennysheep_pointless_box, lightli_too_deep, minmay_shop_grove
Zot:1:    kennysheep_bubbly, layout_gridlike

Skill      XL: |  1  2  3  4  5  6  7  8  9 10 11 12 13 14 15 16 17 18 19 20 21 22 23 |
---------------+----------------------------------------------------------------------+-----
Ranged Weapons | 5 6 7 8 10 12 13 14 16 18 21 22 | 22.0
Fighting       | 3 4 5 6 8 10 11 13 15 17 19 20 22 23 25 26 | 26.6
Armour         | 1 2 3 4 7 8 9 10 11 | 11.0
Dodging        | 2 3 4 5 6 8 10 11 13 14 16 18 19 20 | 20.2
Invocations    | 4 6 10 | 10.5
Stealth        | |  1.1

Action                     |  1- 3 |  4- 6 |  7- 9 | 10-12 | 13-15 | 16-18 | 19-21 | 22-24 || total
---------------------------+-------+-------+-------+-------+-------+-------+-------+-------++-------
   Fire: Shortbow          |    97 |   185 |   344 |   540 |       |       |       |       ||  1166
         Orcbow            |       |       |       |    27 |  1350 |   939 |       |       ||  2316
         Longbow           |       |       |       |       |       |   380 |       |       ||   380
         Triple crossbow   |       |       |       |       |       |   273 |  1184 |   673 ||  2130
 Invoke: Heroism           |       |       |       |    18 |    32 |    39 |    17 |    33 ||   139
         Finesse           |       |       |       |     2 |    11 |     5 |    10 |    10 ||    38
    Use: Scroll            |     3 |     7 |     5 |     2 |     7 |     8 |     2 |     9 ||    43
         Potion            |     1 |     4 |     2 |       |     2 |     2 |     4 |     7 ||    22
 Armour: Leather armour    |    11 |     8 |       |       |   160 |   491 |    60 |       ||   730
         Ring mail         |       |   101 |    76 |       |       |       |       |       ||   177
         Robe              |       |       |    37 |   146 |    64 |       |   350 |   329 ||   926
  Dodge: Dodged            |    17 |   117 |    83 |   205 |   449 |   998 |  1221 |  1104 ||  4194

Table legend:
 A = Non-vault XP
 B = Vault XP
 C = Vault XP percentage of total XP
 D = Non-vault monster count
 E = Vault monster count
 F = Vault count percentage of total count
                 A         B        C        D         E       F
            +---------+---------+-------+---------+---------+-------
      Total |  471711 |  383087 |  44.8 |     989 |     701 |  41.5
            +---------+---------+-------+---------+---------+-------
        D:1 |      16 |       0 |   0.0 |      10 |       0 |   0.0
        D:2 |      74 |       0 |   0.0 |      24 |       0 |   0.0
        D:3 |     224 |      56 |  20.0 |      16 |       7 |  30.4
        D:4 |     265 |       0 |   0.0 |      26 |       0 |   0.0
        D:5 |     310 |     529 |  63.1 |      11 |       6 |  35.3
        D:6 |     763 |     376 |  33.0 |      19 |       2 |   9.5
        D:7 |    1027 |      80 |   7.2 |      30 |       2 |   6.2
        D:8 |    1113 |    2854 |  71.9 |       4 |      14 |  77.8
        D:9 |    3571 |    1152 |  24.4 |      25 |       5 |  16.7
       D:10 |    2719 |    1643 |  37.7 |      27 |       2 |   6.9
       D:11 |    5765 |    1637 |  22.1 |      23 |       2 |   8.0
       D:12 |    6017 |    1973 |  24.7 |      24 |       2 |   7.7
       D:13 |   10353 |    5857 |  36.1 |      28 |       5 |  15.2
       D:14 |   12338 |    3751 |  23.3 |      31 |      13 |  29.5
       D:15 |    6261 |    4017 |  39.1 |      12 |       5 |  29.4
     Lair:1 |    5950 |    1665 |  21.9 |      25 |       2 |   7.4
     Lair:2 |    3906 |    2672 |  40.6 |      15 |      13 |  46.4
     Lair:3 |    5451 |   10120 |  65.0 |      23 |      26 |  53.1
     Lair:4 |    5595 |       0 |   0.0 |      19 |       0 |   0.0
     Lair:5 |    6405 |   10158 |  61.3 |      17 |      22 |  56.4
    Swamp:1 |   11279 |     448 |   3.8 |      20 |       1 |   4.8
    Swamp:2 |   12490 |       0 |   0.0 |      21 |       0 |   0.0
    Swamp:3 |   14804 |    9872 |  40.0 |      27 |       7 |  20.6
    Swamp:4 |   10038 |   21754 |  68.4 |      20 |      30 |  60.0
    Snake:1 |   10588 |    4024 |  27.5 |      22 |      10 |  31.2
    Snake:2 |    5168 |    1345 |  20.7 |       9 |       1 |  10.0
    Snake:3 |   23411 |       0 |   0.0 |      45 |       0 |   0.0
    Snake:4 |   14583 |   22846 |  61.0 |      33 |      36 |  52.2
      Orc:1 |     840 |    1398 |  62.5 |      22 |      20 |  47.6
      Orc:2 |       0 |   23386 | 100.0 |       0 |     148 | 100.0
   Vaults:1 |   32620 |    8710 |  21.1 |      45 |      15 |  25.0
   Vaults:2 |   32040 |   31064 |  49.2 |      41 |      40 |  49.4
   Vaults:3 |   40513 |   26624 |  39.7 |      54 |      37 |  40.7
   Vaults:4 |   44021 |   40952 |  48.2 |      66 |      48 |  42.1
   Vaults:5 |   25658 |   68653 |  72.8 |      38 |      58 |  60.4
   Depths:1 |   12813 |    2553 |  16.6 |      17 |       3 |  15.0
   Depths:2 |   35452 |   18685 |  34.5 |      40 |      24 |  37.5
   Depths:3 |   21433 |   22523 |  51.2 |      23 |      20 |  46.5
   Depths:4 |   33774 |   22629 |  40.1 |      29 |      19 |  39.6
      Zot:1 |   12063 |    6726 |  35.8 |       8 |       3 |  27.3
      Sewer |       0 |     355 | 100.0 |       0 |      53 | 100.0
            +---------+---------+-------+---------+---------+-------
